Workbook

Sheet Preliminary Report 
D2: . Voter Approved Overrides . | J2: COMPARE TO PRIOR YEAR - Final Report - Send District Email of Significant Change +/- 15 %
A3: CODE | B3: COUNTY | C3: DISTRICT | D3: Amount Authorized | E3: Amount Collected | F3: Amount Distributed to Charter School | G3: Amount Distributed to Non-Charter Schools | H3: Amount Retained by District | J3: Amount Authorized Prior Year | K3: Difference | M3: emails sent 7/20/2026 of 15% variance
L4: % Change | M4: Business Manager | N4: Data Pipeline Submitter | O4: Notes
A5: 0010 | B5: ADAMS | C5: =UPPER(VLOOKUP(A5,Contacts!I:J,2,FALSE)) -> MAPLETON 1 | D5: =SUMIFS(Data!$N:$N,Data!$B:$B,'Preliminary Report '!$A5,Data!$I:$I,"1170") -> 19570783 | E5: =SUMIFS(Data!$N:$N,Data!$B:$B,'Preliminary Report '!$A5,Data!$I:$I,"1171") -> 19570783 | F5: =SUMIFS(Data!$N:$N,Data!$B:$B,'Preliminary Report '!$A5,Data!$I:$I,"1172") -> 0 | G5: =SUMIFS(Data!$N:$N,Data!$B:$B,'Preliminary Report '!$A5,Data!$I:$I,"1173") -> 0 | H5: =SUMIFS(Data!$N:$N,Data!$B:$B,'Preliminary Report '!$A5,Data!$I:$I,"1174") -> 19570783 | J5: 18425051 | K5: =+D5-J5 -> 1145732 | L5: =IFERROR(+K5/J5,0) -> 0.062183383
A6: 0020 | B6: ADAMS | C6: =UPPER(VLOOKUP(A6,Contacts!I:J,2,FALSE)) -> ADAMS 12 FIVE STAR SCHOOLS | D6: =SUMIFS(Data!$N:$N,Data!$B:$B,'Preliminary Report '!$A6,Data!$I:$I,"1170") -> 69291314 | E6: =SUMIFS(Data!$N:$N,Data!$B:$B,'Preliminary Report '!$A6,Data!$I:$I,"1171") -> 68926053 | F6: =SUMIFS(Data!$N:$N,Data!$B:$B,'Preliminary Report '!$A6,Data!$I:$I,"1172") -> 6305023 | G6: =SUMIFS(Data!$N:$N,Data!$B:$B,'Preliminary Report '!$A6,Data!$I:$I,"1173") -> 0 | H6: =SUMIFS(Data!$N:$N,Data!$B:$B,'Preliminary Report '!$A6,Data!$I:$I,"1174") -> 62621030 | J6: 65228873 | K6: =+D6-J6 -> 4062441 | L6: =IFERROR(+K6/J6,0) -> 0.062279797
A7: 0030 | B7: ADAMS | C7: =UPPER(VLOOKUP(A7,Contacts!I:J,2,FALSE)) -> ADAMS COUNTY 14 | D7: =SUMIFS(Data!$N:$N,Data!$B:$B,'Preliminary Report '!$A7,Data!$I:$I,"1170") -> 14890000 | E7: =SUMIFS(Data!$N:$N,Data!$B:$B,'Preliminary Report '!$A7,Data!$I:$I,"1171") -> 14890000 | F7: =SUMIFS(Data!$N:$N,Data!$B:$B,'Preliminary Report '!$A7,Data!$I:$I,"1172") -> 0 | G7: =SUMIFS(Data!$N:$N,Data!$B:$B,'Preliminary Report '!$A7,Data!$I:$I,"1173") -> 14890000 | H7: =SUMIFS(Data!$N:$N,Data!$B:$B,'Preliminary Report '!$A7,Data!$I:$I,"1174") -> 0 | J7: 4890000 | K7: =+D7-J7 -> 10000000 | L7: =IFERROR(+K7/J7,0) -> 2.0449898 | M7: =VLOOKUP(A7,Contacts!A:B,2,FALSE) -> dmoss@adams14.org | N7: =VLOOKUP(A7,Contacts!D:F,3,FALSE) -> dlsmart@adams14.org | O7: 7/20- amount confirmed by dmoss at adams 14
A8: 0040 | B8: ADAMS | C8: =UPPER(VLOOKUP(A8,Contacts!I:J,2,FALSE)) -> SCHOOL DISTRICT 27J | D8: =SUMIFS(Data!$N:$N,Data!$B:$B,'Preliminary Report '!$A8,Data!$I:$I,"1170") -> 26436973 | E8: =SUMIFS(Data!$N:$N,Data!$B:$B,'Preliminary Report '!$A8,Data!$I:$I,"1171") -> 26436973 | F8: =SUMIFS(Data!$N:$N,Data!$B:$B,'Preliminary Report '!$A8,Data!$I:$I,"1172") -> 5334893 | G8: =SUMIFS(Data!$N:$N,Data!$B:$B,'Preliminary Report '!$A8,Data!$I:$I,"1173") -> 0 | H8: =SUMIFS(Data!$N:$N,Data!$B:$B,'Preliminary Report '!$A8,Data!$I:$I,"1174") -> 21102080 | J8: 24950592 | K8: =+D8-J8 -> 1486381 | L8: =IFERROR(+K8/J8,0) -> 0.059572975
A9: 0050 | B9: ADAMS | C9: =UPPER(VLOOKUP(A9,Contacts!I:J,2,FALSE)) -> BENNETT 29J | D9: =SUMIFS(Data!$N:$N,Data!$B:$B,'Preliminary Report '!$A9,Data!$I:$I,"1170") -> 0 | E9: =SUMIFS(Data!$N:$N,Data!$B:$B,'Preliminary Report '!$A9,Data!$I:$I,"1171") -> 0 | F9: =SUMIFS(Data!$N:$N,Data!$B:$B,'Preliminary Report '!$A9,Data!$I:$I,"1172") -> 0 | G9: =SUMIFS(Data!$N:$N,Data!$B:$B,'Preliminary Report '!$A9,Data!$I:$I,"1173") -> 0 | H9: =SUMIFS(Data!$N:$N,Data!$B:$B,'Preliminary Report '!$A9,Data!$I:$I,"1174") -> 0 | J9: 0 | K9: =+D9-J9 -> 0 | L9: =IFERROR(+K9/J9,0) -> 0
A10: 0060 | B10: ADAMS | C10: =UPPER(VLOOKUP(A10,Contacts!I:J,2,FALSE)) -> STRASBURG 31J | D10: =SUMIFS(Data!$N:$N,Data!$B:$B,'Preliminary Report '!$A10,Data!$I:$I,"1170") -> 299941 | E10: =SUMIFS(Data!$N:$N,Data!$B:$B,'Preliminary Report '!$A10,Data!$I:$I,"1171") -> 299941 | F10: =SUMIFS(Data!$N:$N,Data!$B:$B,'Preliminary Report '!$A10,Data!$I:$I,"1172") -> 0 | G10: =SUMIFS(Data!$N:$N,Data!$B:$B,'Preliminary Report '!$A10,Data!$I:$I,"1173") -> 0 | H10: =SUMIFS(Data!$N:$N,Data!$B:$B,'Preliminary Report '!$A10,Data!$I:$I,"1174") -> 299941 | J10: 300000 | K10: =+D10-J10 -> -59 | L10: =IFERROR(+K10/J10,0) -> -0.00019666667
A11: 0070 | B11: ADAMS | C11: =UPPER(VLOOKUP(A11,Contacts!I:J,2,FALSE)) -> WESTMINSTER PUBLIC SCHOOLS | D11: =SUMIFS(Data!$N:$N,Data!$B:$B,'Preliminary Report '!$A11,Data!$I:$I,"1170") -> 27880319 | E11: =SUMIFS(Data!$N:$N,Data!$B:$B,'Preliminary Report '!$A11,Data!$I:$I,"1171") -> 27671757 | F11: =SUMIFS(Data!$N:$N,Data!$B:$B,'Preliminary Report '!$A11,Data!$I:$I,"1172") -> 0 | G11: =SUMIFS(Data!$N:$N,Data!$B:$B,'Preliminary Report '!$A11,Data!$I:$I,"1173") -> 0 | H11: =SUMIFS(Data!$N:$N,Data!$B:$B,'Preliminary Report '!$A11,Data!$I:$I,"1174") -> 27671757 | J11: 30286971 | K11: =+D11-J11 -> -2406651.5 | L11: =IFERROR(+K11/J11,0) -> -0.079461613
A12: 0100 | B12: ALAMOSA | C12: =UPPER(VLOOKUP(A12,Contacts!I:J,2,FALSE)) -> ALAMOSA RE-11J | D12: =SUMIFS(Data!$N:$N,Data!$B:$B,'Preliminary Report '!$A12,Data!$I:$I,"1170") -> 0 | E12: =SUMIFS(Data!$N:$N,Data!$B:$B,'Preliminary Report '!$A12,Data!$I:$I,"1171") -> 0 | F12: =SUMIFS(Data!$N:$N,Data!$B:$B,'Preliminary Report '!$A12,Data!$I:$I,"1172") -> 0 | G12: =SUMIFS(Data!$N:$N,Data!$B:$B,'Preliminary Report '!$A12,Data!$I:$I,"1173") -> 0 | H12: =SUMIFS(Data!$N:$N,Data!$B:$B,'Preliminary Report '!$A12,Data!$I:$I,"1174") -> 0 | J12: 0 | K12: =+D12-J12 -> 0 | L12: =IFERROR(+K12/J12,0) -> 0
A13: 0110 | B13: ALAMOSA | C13: =UPPER(VLOOKUP(A13,Contacts!I:J,2,FALSE)) -> SANGRE DE CRISTO RE-22J | D13: =SUMIFS(Data!$N:$N,Data!$B:$B,'Preliminary Report '!$A13,Data!$I:$I,"1170") -> 0 | E13: =SUMIFS(Data!$N:$N,Data!$B:$B,'Preliminary Report '!$A13,Data!$I:$I,"1171") -> 0 | F13: =SUMIFS(Data!$N:$N,Data!$B:$B,'Preliminary Report '!$A13,Data!$I:$I,"1172") -> 0 | G13: =SUMIFS(Data!$N:$N,Data!$B:$B,'Preliminary Report '!$A13,Data!$I:$I,"1173") -> 0 | H13: =SUMIFS(Data!$N:$N,Data!$B:$B,'Preliminary Report '!$A13,Data!$I:$I,"1174") -> 0 | J13: 0 | K13: =+D13-J13 -> 0 | L13: =IFERROR(+K13/J13,0) -> 0
A14: 0120 | B14: ARAPAHOE | C14: =UPPER(VLOOKUP(A14,Contacts!I:J,2,FALSE)) -> ENGLEWOOD 1 | D14: 6156350 | E14: 6156350 | F14: =SUMIFS(Data!$N:$N,Data!$B:$B,'Preliminary Report '!$A14,Data!$I:$I,"1172") -> 0 | G14: =SUMIFS(Data!$N:$N,Data!$B:$B,'Preliminary Report '!$A14,Data!$I:$I,"1173") -> 0 | H14: 6156350 | J14: 6155850 | K14: =+D14-J14 -> 500 | L14: =IFERROR(+K14/J14,0) -> 8.1223552e-05 | M14: =VLOOKUP(A14,Contacts!A:B,2,FALSE) -> hyesun_son@engschools.net | N14: =VLOOKUP(A14,Contacts!D:F,3,FALSE) -> hyesun_son@engschools.net | O14: 7/20 - email from Hyesun updated amount received from Hyeson
A15: 0123 | B15: ARAPAHOE | C15: =UPPER(VLOOKUP(A15,Contacts!I:J,2,FALSE)) -> SHERIDAN 2 | D15: =SUMIFS(Data!$N:$N,Data!$B:$B,'Preliminary Report '!$A15,Data!$I:$I,"1171") -> 3844493.6 | E15: =SUMIFS(Data!$N:$N,Data!$B:$B,'Preliminary Report '!$A15,Data!$I:$I,"1171") -> 3844493.6 | F15: =SUMIFS(Data!$N:$N,Data!$B:$B,'Preliminary Report '!$A15,Data!$I:$I,"1172") -> 0 | G15: =SUMIFS(Data!$N:$N,Data!$B:$B,'Preliminary Report '!$A15,Data!$I:$I,"1173") -> 0 | H15: =SUMIFS(Data!$N:$N,Data!$B:$B,'Preliminary Report '!$A15,Data!$I:$I,"1174") -> 3844493.6 | J15: 3822091 | K15: =+D15-J15 -> 22402.59 | L15: =IFERROR(+K15/J15,0) -> 0.005861344 | M15: =VLOOKUP(A15,Contacts!A:B,2,FALSE) -> pfeese@ssd2.org | N15: =VLOOKUP(A15,Contacts!D:F,3,FALSE) -> trizuto@ssd2.org | O15: 8/17 - email from Tracy, update Amount Authorized
A16: 0130 | B16: ARAPAHOE | C16: =UPPER(VLOOKUP(A16,Contacts!I:J,2,FALSE)) -> CHERRY CREEK 5 | D16: =SUMIFS(Data!$N:$N,Data!$B:$B,'Preliminary Report '!$A16,Data!$I:$I,"1170") -> 203636000 | E16: =SUMIFS(Data!$N:$N,Data!$B:$B,'Preliminary Report '!$A16,Data!$I:$I,"1171") -> 203636000 | F16: =SUMIFS(Data!$N:$N,Data!$B:$B,'Preliminary Report '!$A16,Data!$I:$I,"1172") -> 4161292.7 | G16: =SUMIFS(Data!$N:$N,Data!$B:$B,'Preliminary Report '!$A16,Data!$I:$I,"1173") -> 0 | H16: =SUMIFS(Data!$N:$N,Data!$B:$B,'Preliminary Report '!$A16,Data!$I:$I,"1174") -> 1.9947471e+08 | J16: 184126000 | K16: =+D16-J16 -> 19510000 | L16: =IFERROR(+K16/J16,0) -> 0.10596005
A17: 0140 | B17: ARAPAHOE | C17: =UPPER(VLOOKUP(A17,Contacts!I:J,2,FALSE)) -> LITTLETON 6 | D17: =SUMIFS(Data!$N:$N,Data!$B:$B,'Preliminary Report '!$A17,Data!$I:$I,"1170") -> 26498234 | E17: =SUMIFS(Data!$N:$N,Data!$B:$B,'Preliminary Report '!$A17,Data!$I:$I,"1171") -> 22812605 | F17: =SUMIFS(Data!$N:$N,Data!$B:$B,'Preliminary Report '!$A17,Data!$I:$I,"1172") -> 1012666 | G17: =SUMIFS(Data!$N:$N,Data!$B:$B,'Preliminary Report '!$A17,Data!$I:$I,"1173") -> 0 | H17: =SUMIFS(Data!$N:$N,Data!$B:$B,'Preliminary Report '!$A17,Data!$I:$I,"1174") -> 21799939 | J17: 26498234 | K17: =+D17-J17 -> 0 | L17: =IFERROR(+K17/J17,0) -> 0
A18: 0170 | B18: ARAPAHOE | C18: =UPPER(VLOOKUP(A18,Contacts!I:J,2,FALSE)) -> DEER TRAIL 26J | D18: =SUMIFS(Data!$N:$N,Data!$B:$B,'Preliminary Report '!$A18,Data!$I:$I,"1170") -> 0 | E18: =SUMIFS(Data!$N:$N,Data!$B:$B,'Preliminary Report '!$A18,Data!$I:$I,"1171") -> 0 | F18: =SUMIFS(Data!$N:$N,Data!$B:$B,'Preliminary Report '!$A18,Data!$I:$I,"1172") -> 0 | G18: =SUMIFS(Data!$N:$N,Data!$B:$B,'Preliminary Report '!$A18,Data!$I:$I,"1173") -> 0 | H18: =SUMIFS(Data!$N:$N,Data!$B:$B,'Preliminary Report '!$A18,Data!$I:$I,"1174") -> 0 | J18: 0 | K18: =+D18-J18 -> 0 | L18: =IFERROR(+K18/J18,0) -> 0
A19: 0180 | B19: ARAPAHOE | C19: =UPPER(VLOOKUP(A19,Contacts!I:J,2,FALSE)) -> ADAMS-ARAPAHOE 28J | D19: =SUMIFS(Data!$N:$N,Data!$B:$B,'Preliminary Report '!$A19,Data!$I:$I,"1170") -> 125440727 | E19: =SUMIFS(Data!$N:$N,Data!$B:$B,'Preliminary Report '!$A19,Data!$I:$I,"1171") -> 124813520 | F19: =SUMIFS(Data!$N:$N,Data!$B:$B,'Preliminary Report '!$A19,Data!$I:$I,"1172") -> 19668467 | G19: =SUMIFS(Data!$N:$N,Data!$B:$B,'Preliminary Report '!$A19,Data!$I:$I,"1173") -> 99351669 | H19: =SUMIFS(Data!$N:$N,Data!$B:$B,'Preliminary Report '!$A19,Data!$I:$I,"1174") -> 5793384 | J19: 117405438 | K19: =+D19-J19 -> 8035289 | L19: =IFERROR(+K19/J19,0) -> 0.068440518
A20: 0190 | B20: ARAPAHOE | C20: =UPPER(VLOOKUP(A20,Contacts!I:J,2,FALSE)) -> BYERS 32J | D20: =SUMIFS(Data!$N:$N,Data!$B:$B,'Preliminary Report '!$A20,Data!$I:$I,"1170") -> 240000 | E20: =SUMIFS(Data!$N:$N,Data!$B:$B,'Preliminary Report '!$A20,Data!$I:$I,"1171") -> 238589.08 | F20: =SUMIFS(Data!$N:$N,Data!$B:$B,'Preliminary Report '!$A20,Data!$I:$I,"1172") -> 0 | G20: =SUMIFS(Data!$N:$N,Data!$B:$B,'Preliminary Report '!$A20,Data!$I:$I,"1173") -> 0 | H20: =SUMIFS(Data!$N:$N,Data!$B:$B,'Preliminary Report '!$A20,Data!$I:$I,"1174") -> 238589.08 | J20: 240000 | K20: =+D20-J20 -> 0 | L20: =IFERROR(+K20/J20,0) -> 0
A21: 0220 | B21: ARCHULETA | C21: =UPPER(VLOOKUP(A21,Contacts!I:J,2,FALSE)) -> ARCHULETA COUNTY 50 JT | D21: =SUMIFS(Data!$N:$N,Data!$B:$B,'Preliminary Report '!$A21,Data!$I:$I,"1170") -> 1700000 | E21: =SUMIFS(Data!$N:$N,Data!$B:$B,'Preliminary Report '!$A21,Data!$I:$I,"1171") -> 1690744.8 | F21: =SUMIFS(Data!$N:$N,Data!$B:$B,'Preliminary Report '!$A21,Data!$I:$I,"1172") -> 108987.39 | G21: =SUMIFS(Data!$N:$N,Data!$B:$B,'Preliminary Report '!$A21,Data!$I:$I,"1173") -> 0 | H21: =SUMIFS(Data!$N:$N,Data!$B:$B,'Preliminary Report '!$A21,Data!$I:$I,"1174") -> 1581757.4 | J21: 1700000 | K21: =+D21-J21 -> 0 | L21: =IFERROR(+K21/J21,0) -> 0 | M21: eburt@pagosa.k12.co.us | O21: 7/31 - Eric confirmed as accurate
A22: 0230 | B22: BACA | C22: =UPPER(VLOOKUP(A22,Contacts!I:J,2,FALSE)) -> WALSH RE-1 | D22: =SUMIFS(Data!$N:$N,Data!$B:$B,'Preliminary Report '!$A22,Data!$I:$I,"1170") -> 0 | E22: =SUMIFS(Data!$N:$N,Data!$B:$B,'Preliminary Report '!$A22,Data!$I:$I,"1171") -> 0 | F22: =SUMIFS(Data!$N:$N,Data!$B:$B,'Preliminary Report '!$A22,Data!$I:$I,"1172") -> 0 | G22: =SUMIFS(Data!$N:$N,Data!$B:$B,'Preliminary Report '!$A22,Data!$I:$I,"1173") -> 0 | H22: =SUMIFS(Data!$N:$N,Data!$B:$B,'Preliminary Report '!$A22,Data!$I:$I,"1174") -> 0 | J22: 0 | K22: =+D22-J22 -> 0 | L22: =IFERROR(+K22/J22,0) -> 0
A23: 0240 | B23: BACA | C23: =UPPER(VLOOKUP(A23,Contacts!I:J,2,FALSE)) -> PRITCHETT RE-3 | D23: =SUMIFS(Data!$N:$N,Data!$B:$B,'Preliminary Report '!$A23,Data!$I:$I,"1170") -> 0 | E23: =SUMIFS(Data!$N:$N,Data!$B:$B,'Preliminary Report '!$A23,Data!$I:$I,"1171") -> 0 | F23: =SUMIFS(Data!$N:$N,Data!$B:$B,'Preliminary Report '!$A23,Data!$I:$I,"1172") -> 0 | G23: =SUMIFS(Data!$N:$N,Data!$B:$B,'Preliminary Report '!$A23,Data!$I:$I,"1173") -> 0 | H23: =SUMIFS(Data!$N:$N,Data!$B:$B,'Preliminary Report '!$A23,Data!$I:$I,"1174") -> 0 | J23: 0 | K23: =+D23-J23 -> 0 | L23: =IFERROR(+K23/J23,0) -> 0
A24: 0250 | B24: BACA | C24: =UPPER(VLOOKUP(A24,Contacts!I:J,2,FALSE)) -> SPRINGFIELD RE-4 | D24: =SUMIFS(Data!$N:$N,Data!$B:$B,'Preliminary Report '!$A24,Data!$I:$I,"1170") -> 0 | E24: =SUMIFS(Data!$N:$N,Data!$B:$B,'Preliminary Report '!$A24,Data!$I:$I,"1171") -> 0 | F24: =SUMIFS(Data!$N:$N,Data!$B:$B,'Preliminary Report '!$A24,Data!$I:$I,"1172") -> 0 | G24: =SUMIFS(Data!$N:$N,Data!$B:$B,'Preliminary Report '!$A24,Data!$I:$I,"1173") -> 0 | H24: =SUMIFS(Data!$N:$N,Data!$B:$B,'Preliminary Report '!$A24,Data!$I:$I,"1174") -> 0 | J24: 0 | K24: =+D24-J24 -> 0 | L24: =IFERROR(+K24/J24,0) -> 0
A25: 0260 | B25: BACA | C25: =UPPER(VLOOKUP(A25,Contacts!I:J,2,FALSE)) -> VILAS RE-5 | D25: =SUMIFS(Data!$N:$N,Data!$B:$B,'Preliminary Report '!$A25,Data!$I:$I,"1170") -> 0 | E25: =SUMIFS(Data!$N:$N,Data!$B:$B,'Preliminary Report '!$A25,Data!$I:$I,"1171") -> 0 | F25: =SUMIFS(Data!$N:$N,Data!$B:$B,'Preliminary Report '!$A25,Data!$I:$I,"1172") -> 0 | G25: =SUMIFS(Data!$N:$N,Data!$B:$B,'Preliminary Report '!$A25,Data!$I:$I,"1173") -> 0 | H25: =SUMIFS(Data!$N:$N,Data!$B:$B,'Preliminary Report '!$A25,Data!$I:$I,"1174") -> 0 | J25: 0 | K25: =+D25-J25 -> 0 | L25: =IFERROR(+K25/J25,0) -> 0
A26: 0270 | B26: BACA | C26: =UPPER(VLOOKUP(A26,Contacts!I:J,2,FALSE)) -> CAMPO RE-6 | D26: =SUMIFS(Data!$N:$N,Data!$B:$B,'Preliminary Report '!$A26,Data!$I:$I,"1170") -> 150000 | E26: =SUMIFS(Data!$N:$N,Data!$B:$B,'Preliminary Report '!$A26,Data!$I:$I,"1171") -> 146025 | F26: =SUMIFS(Data!$N:$N,Data!$B:$B,'Preliminary Report '!$A26,Data!$I:$I,"1172") -> 0 | G26: =SUMIFS(Data!$N:$N,Data!$B:$B,'Preliminary Report '!$A26,Data!$I:$I,"1173") -> 0 | H26: =SUMIFS(Data!$N:$N,Data!$B:$B,'Preliminary Report '!$A26,Data!$I:$I,"1174") -> 146025 | J26: 150000 | K26: =+D26-J26 -> 0 | L26: =IFERROR(+K26/J26,0) -> 0
A27: 0290 | B27: BENT | C27: =UPPER(VLOOKUP(A27,Contacts!I:J,2,FALSE)) -> LAS ANIMAS RE-1 | D27: =SUMIFS(Data!$N:$N,Data!$B:$B,'Preliminary Report '!$A27,Data!$I:$I,"1170") -> 0 | E27: =SUMIFS(Data!$N:$N,Data!$B:$B,'Preliminary Report '!$A27,Data!$I:$I,"1171") -> 0 | F27: =SUMIFS(Data!$N:$N,Data!$B:$B,'Preliminary Report '!$A27,Data!$I:$I,"1172") -> 0 | G27: =SUMIFS(Data!$N:$N,Data!$B:$B,'Preliminary Report '!$A27,Data!$I:$I,"1173") -> 0 | H27: =SUMIFS(Data!$N:$N,Data!$B:$B,'Preliminary Report '!$A27,Data!$I:$I,"1174") -> 0 | J27: 0 | K27: =+D27-J27 -> 0 | L27: =IFERROR(+K27/J27,0) -> 0
A28: 0310 | B28: BENT | C28: =UPPER(VLOOKUP(A28,Contacts!I:J,2,FALSE)) -> MCCLAVE RE-2 | D28: =SUMIFS(Data!$N:$N,Data!$B:$B,'Preliminary Report '!$A28,Data!$I:$I,"1170") -> 0 | E28: =SUMIFS(Data!$N:$N,Data!$B:$B,'Preliminary Report '!$A28,Data!$I:$I,"1171") -> 0 | F28: =SUMIFS(Data!$N:$N,Data!$B:$B,'Preliminary Report '!$A28,Data!$I:$I,"1172") -> 0 | G28: =SUMIFS(Data!$N:$N,Data!$B:$B,'Preliminary Report '!$A28,Data!$I:$I,"1173") -> 0 | H28: =SUMIFS(Data!$N:$N,Data!$B:$B,'Preliminary Report '!$A28,Data!$I:$I,"1174") -> 0 | J28: 0 | K28: =+D28-J28 -> 0 | L28: =IFERROR(+K28/J28,0) -> 0
A29: 0470 | B29: BOULDER | C29: =UPPER(VLOOKUP(A29,Contacts!I:J,2,FALSE)) -> ST VRAIN VALLEY RE1J | D29: =SUMIFS(Data!$N:$N,Data!$B:$B,'Preliminary Report '!$A29,Data!$I:$I,"1170") -> 70769244 | E29: =SUMIFS(Data!$N:$N,Data!$B:$B,'Preliminary Report '!$A29,Data!$I:$I,"1171") -> 70201964 | F29: =SUMIFS(Data!$N:$N,Data!$B:$B,'Preliminary Report '!$A29,Data!$I:$I,"1172") -> 6951089 | G29: =SUMIFS(Data!$N:$N,Data!$B:$B,'Preliminary Report '!$A29,Data!$I:$I,"1173") -> 0 | H29: =SUMIFS(Data!$N:$N,Data!$B:$B,'Preliminary Report '!$A29,Data!$I:$I,"1174") -> 63250875 | J29: 80733645 | K29: =+D29-J29 -> -9964401 | L29: =IFERROR(+K29/J29,0) -> -0.12342315 | M29: =VLOOKUP(A29,Contacts!A:B,2,FALSE) -> frederick_jane@svvsd.org | N29: =VLOOKUP(A29,Contacts!D:F,3,FALSE) -> livermore_marion@svvsd.org | O29: 7/21 - amount confirmed by mimi as accurate
A30: 0480 | B30: BOULDER | C30: =UPPER(VLOOKUP(A30,Contacts!I:J,2,FALSE)) -> BOULDER VALLEY RE 2 | D30: =SUMIFS(Data!$N:$N,Data!$B:$B,'Preliminary Report '!$A30,Data!$I:$I,"1170") -> 82535082 | E30: =SUMIFS(Data!$N:$N,Data!$B:$B,'Preliminary Report '!$A30,Data!$I:$I,"1171") -> 80826044 | F30: =SUMIFS(Data!$N:$N,Data!$B:$B,'Preliminary Report '!$A30,Data!$I:$I,"1172") -> 7174515 | G30: =SUMIFS(Data!$N:$N,Data!$B:$B,'Preliminary Report '!$A30,Data!$I:$I,"1173") -> 0 | H30: =SUMIFS(Data!$N:$N,Data!$B:$B,'Preliminary Report '!$A30,Data!$I:$I,"1174") -> 73651529 | J30: 80134092 | K30: =+D30-J30 -> 2400990 | L30: =IFERROR(+K30/J30,0) -> 0.029962154
A31: 0490 | B31: CHAFFEE | C31: =UPPER(VLOOKUP(A31,Contacts!I:J,2,FALSE)) -> BUENA VISTA R-31 | D31: =SUMIFS(Data!$N:$N,Data!$B:$B,'Preliminary Report '!$A31,Data!$I:$I,"1170") -> 3383102 | E31: =SUMIFS(Data!$N:$N,Data!$B:$B,'Preliminary Report '!$A31,Data!$I:$I,"1171") -> 3383102 | F31: =SUMIFS(Data!$N:$N,Data!$B:$B,'Preliminary Report '!$A31,Data!$I:$I,"1172") -> 0 | G31: =SUMIFS(Data!$N:$N,Data!$B:$B,'Preliminary Report '!$A31,Data!$I:$I,"1173") -> 3233102 | H31: =SUMIFS(Data!$N:$N,Data!$B:$B,'Preliminary Report '!$A31,Data!$I:$I,"1174") -> 150000 | J31: 2692098.6 | K31: =+D31-J31 -> 691003.36 | L31: =IFERROR(+K31/J31,0) -> 0.25667832 | M31: =VLOOKUP(A31,Contacts!A:B,2,FALSE) -> justinh@bvschools.org | N31: =VLOOKUP(A31,Contacts!D:F,3,FALSE) -> jennys@bvschools.org
A32: 0500 | B32: CHAFFEE | C32: =UPPER(VLOOKUP(A32,Contacts!I:J,2,FALSE)) -> SALIDA R-32 | D32: =SUMIFS(Data!$N:$N,Data!$B:$B,'Preliminary Report '!$A32,Data!$I:$I,"1170") -> 2913315 | E32: =SUMIFS(Data!$N:$N,Data!$B:$B,'Preliminary Report '!$A32,Data!$I:$I,"1171") -> 2913315 | F32: =SUMIFS(Data!$N:$N,Data!$B:$B,'Preliminary Report '!$A32,Data!$I:$I,"1172") -> 0 | G32: =SUMIFS(Data!$N:$N,Data!$B:$B,'Preliminary Report '!$A32,Data!$I:$I,"1173") -> 0 | H32: =SUMIFS(Data!$N:$N,Data!$B:$B,'Preliminary Report '!$A32,Data!$I:$I,"1174") -> 2913315 | J32: 2889945 | K32: =+D32-J32 -> 23370 | L32: =IFERROR(+K32/J32,0) -> 0.0080866591
A33: 0510 | B33: CHEYENNE | C33: =UPPER(VLOOKUP(A33,Contacts!I:J,2,FALSE)) -> KIT CARSON R-1 | D33: =SUMIFS(Data!$N:$N,Data!$B:$B,'Preliminary Report '!$A33,Data!$I:$I,"1170") -> 423682 | E33: =SUMIFS(Data!$N:$N,Data!$B:$B,'Preliminary Report '!$A33,Data!$I:$I,"1171") -> 424684.29 | F33: =SUMIFS(Data!$N:$N,Data!$B:$B,'Preliminary Report '!$A33,Data!$I:$I,"1172") -> 0 | G33: =SUMIFS(Data!$N:$N,Data!$B:$B,'Preliminary Report '!$A33,Data!$I:$I,"1173") -> 0 | H33: =SUMIFS(Data!$N:$N,Data!$B:$B,'Preliminary Report '!$A33,Data!$I:$I,"1174") -> 424684.29 | J33: 423392 | K33: =+D33-J33 -> 290 | L33: =IFERROR(+K33/J33,0) -> 0.00068494445
A34: 0520 | B34: CHEYENNE | C34: =UPPER(VLOOKUP(A34,Contacts!I:J,2,FALSE)) -> CHEYENNE COUNTY RE-5 | D34: =SUMIFS(Data!$N:$N,Data!$B:$B,'Preliminary Report '!$A34,Data!$I:$I,"1170") -> 1596720.9 | E34: =SUMIFS(Data!$N:$N,Data!$B:$B,'Preliminary Report '!$A34,Data!$I:$I,"1171") -> 1599832.7 | F34: =SUMIFS(Data!$N:$N,Data!$B:$B,'Preliminary Report '!$A34,Data!$I:$I,"1172") -> 0 | G34: =SUMIFS(Data!$N:$N,Data!$B:$B,'Preliminary Report '!$A34,Data!$I:$I,"1173") -> 0 | H34: =SUMIFS(Data!$N:$N,Data!$B:$B,'Preliminary Report '!$A34,Data!$I:$I,"1174") -> 1599832.7 | J34: 820754.44 | K34: =+D34-J34 -> 775966.41 | L34: =IFERROR(+K34/J34,0) -> 0.94543066 | M34: =VLOOKUP(A34,Contacts!A:B,2,FALSE) -> anna.quint@cheyennesd.net | N34: =VLOOKUP(A34,Contacts!D:F,3,FALSE) -> anna.quint@cheyennesd.net
A35: 0540 | B35: CLEAR CREEK | C35: =UPPER(VLOOKUP(A35,Contacts!I:J,2,FALSE)) -> CLEAR CREEK RE-1 | D35: =SUMIFS(Data!$N:$N,Data!$B:$B,'Preliminary Report '!$A35,Data!$I:$I,"1170") -> 2950016 | E35: =SUMIFS(Data!$N:$N,Data!$B:$B,'Preliminary Report '!$A35,Data!$I:$I,"1171") -> 2947951 | F35: =SUMIFS(Data!$N:$N,Data!$B:$B,'Preliminary Report '!$A35,Data!$I:$I,"1172") -> 333098.65 | G35: =SUMIFS(Data!$N:$N,Data!$B:$B,'Preliminary Report '!$A35,Data!$I:$I,"1173") -> 1673505.5 | H35: =SUMIFS(Data!$N:$N,Data!$B:$B,'Preliminary Report '!$A35,Data!$I:$I,"1174") -> 941346.84 | J35: 2566756 | K35: =+D35-J35 -> 383260 | L35: =IFERROR(+K35/J35,0) -> 0.14931688 | M35: =VLOOKUP(A35,Contacts!A:B,2,FALSE) -> jennifer.behring@ccsdre1.org | N35: =VLOOKUP(A35,Contacts!D:F,3,FALSE) -> jennifer.behring@ccsdre1.org | O35: 7/21 -amount confirmed by Jennifer as accurate
A36: 0550 | B36: CONEJOS | C36: =UPPER(VLOOKUP(A36,Contacts!I:J,2,FALSE)) -> NORTH CONEJOS RE-1J | D36: =SUMIFS(Data!$N:$N,Data!$B:$B,'Preliminary Report '!$A36,Data!$I:$I,"1170") -> 0 | E36: =SUMIFS(Data!$N:$N,Data!$B:$B,'Preliminary Report '!$A36,Data!$I:$I,"1171") -> 0 | F36: =SUMIFS(Data!$N:$N,Data!$B:$B,'Preliminary Report '!$A36,Data!$I:$I,"1172") -> 0 | G36: =SUMIFS(Data!$N:$N,Data!$B:$B,'Preliminary Report '!$A36,Data!$I:$I,"1173") -> 0 | H36: =SUMIFS(Data!$N:$N,Data!$B:$B,'Preliminary Report '!$A36,Data!$I:$I,"1174") -> 0 | J36: 0 | K36: =+D36-J36 -> 0 | L36: =IFERROR(+K36/J36,0) -> 0
A37: 0560 | B37: CONEJOS | C37: =UPPER(VLOOKUP(A37,Contacts!I:J,2,FALSE)) -> SANFORD 6J | D37: =SUMIFS(Data!$N:$N,Data!$B:$B,'Preliminary Report '!$A37,Data!$I:$I,"1170") -> 0 | E37: =SUMIFS(Data!$N:$N,Data!$B:$B,'Preliminary Report '!$A37,Data!$I:$I,"1171") -> 0 | F37: =SUMIFS(Data!$N:$N,Data!$B:$B,'Preliminary Report '!$A37,Data!$I:$I,"1172") -> 0 | G37: =SUMIFS(Data!$N:$N,Data!$B:$B,'Preliminary Report '!$A37,Data!$I:$I,"1173") -> 0 | H37: =SUMIFS(Data!$N:$N,Data!$B:$B,'Preliminary Report '!$A37,Data!$I:$I,"1174") -> 0 | J37: 0 | K37: =+D37-J37 -> 0 | L37: =IFERROR(+K37/J37,0) -> 0
A38: 0580 | B38: CONEJOS | C38: =UPPER(VLOOKUP(A38,Contacts!I:J,2,FALSE)) -> SOUTH CONEJOS RE-10 | D38: =SUMIFS(Data!$N:$N,Data!$B:$B,'Preliminary Report '!$A38,Data!$I:$I,"1170") -> 0 | E38: =SUMIFS(Data!$N:$N,Data!$B:$B,'Preliminary Report '!$A38,Data!$I:$I,"1171") -> 0 | F38: =SUMIFS(Data!$N:$N,Data!$B:$B,'Preliminary Report '!$A38,Data!$I:$I,"1172") -> 0 | G38: =SUMIFS(Data!$N:$N,Data!$B:$B,'Preliminary Report '!$A38,Data!$I:$I,"1173") -> 0 | H38: =SUMIFS(Data!$N:$N,Data!$B:$B,'Preliminary Report '!$A38,Data!$I:$I,"1174") -> 0 | J38: 0 | K38: =+D38-J38 -> 0 | L38: =IFERROR(+K38/J38,0) -> 0
A39: 0640 | B39: COSTILLA | C39: =UPPER(VLOOKUP(A39,Contacts!I:J,2,FALSE)) -> CENTENNIAL R-1 | D39: =SUMIFS(Data!$N:$N,Data!$B:$B,'Preliminary Report '!$A39,Data!$I:$I,"1170") -> 0 | E39: =SUMIFS(Data!$N:$N,Data!$B:$B,'Preliminary Report '!$A39,Data!$I:$I,"1171") -> 0 | F39: =SUMIFS(Data!$N:$N,Data!$B:$B,'Preliminary Report '!$A39,Data!$I:$I,"1172") -> 0 | G39: =SUMIFS(Data!$N:$N,Data!$B:$B,'Preliminary Report '!$A39,Data!$I:$I,"1173") -> 0 | H39: =SUMIFS(Data!$N:$N,Data!$B:$B,'Preliminary Report '!$A39,Data!$I:$I,"1174") -> 0 | J39: 0 | K39: =+D39-J39 -> 0 | L39: =IFERROR(+K39/J39,0) -> 0
A40: 0740 | B40: COSTILLA | C40: =UPPER(VLOOKUP(A40,Contacts!I:J,2,FALSE)) -> SIERRA GRANDE R-30 | D40: =SUMIFS(Data!$N:$N,Data!$B:$B,'Preliminary Report '!$A40,Data!$I:$I,"1170") -> 0 | E40: =SUMIFS(Data!$N:$N,Data!$B:$B,'Preliminary Report '!$A40,Data!$I:$I,"1171") -> 0 | F40: =SUMIFS(Data!$N:$N,Data!$B:$B,'Preliminary Report '!$A40,Data!$I:$I,"1172") -> 0 | G40: =SUMIFS(Data!$N:$N,Data!$B:$B,'Preliminary Report '!$A40,Data!$I:$I,"1173") -> 0 | H40: =SUMIFS(Data!$N:$N,Data!$B:$B,'Preliminary Report '!$A40,Data!$I:$I,"1174") -> 0 | J40: 0 | K40: =+D40-J40 -> 0 | L40: =IFERROR(+K40/J40,0) -> 0
A41: 0770 | B41: CROWLEY | C41: =UPPER(VLOOKUP(A41,Contacts!I:J,2,FALSE)) -> CROWLEY COUNTY RE-1-J | D41: =SUMIFS(Data!$N:$N,Data!$B:$B,'Preliminary Report '!$A41,Data!$I:$I,"1170") -> 357649 | E41: =SUMIFS(Data!$N:$N,Data!$B:$B,'Preliminary Report '!$A41,Data!$I:$I,"1171") -> 344107.22 | F41: =SUMIFS(Data!$N:$N,Data!$B:$B,'Preliminary Report '!$A41,Data!$I:$I,"1172") -> 0 | G41: =SUMIFS(Data!$N:$N,Data!$B:$B,'Preliminary Report '!$A41,Data!$I:$I,"1173") -> 0 | H41: =SUMIFS(Data!$N:$N,Data!$B:$B,'Preliminary Report '!$A41,Data!$I:$I,"1174") -> 344107.22 | J41: 345880 | K41: =+D41-J41 -> 11769 | L41: =IFERROR(+K41/J41,0) -> 0.034026252
A42: 0860 | B42: CUSTER | C42: =UPPER(VLOOKUP(A42,Contacts!I:J,2,FALSE)) -> CUSTER COUNTY SCHOOL DISTRICT C-1 | D42: =SUMIFS(Data!$N:$N,Data!$B:$B,'Preliminary Report '!$A42,Data!$I:$I,"1170") -> 0 | E42: =SUMIFS(Data!$N:$N,Data!$B:$B,'Preliminary Report '!$A42,Data!$I:$I,"1171") -> 0 | F42: =SUMIFS(Data!$N:$N,Data!$B:$B,'Preliminary Report '!$A42,Data!$I:$I,"1172") -> 0 | G42: =SUMIFS(Data!$N:$N,Data!$B:$B,'Preliminary Report '!$A42,Data!$I:$I,"1173") -> 0 | H42: =SUMIFS(Data!$N:$N,Data!$B:$B,'Preliminary Report '!$A42,Data!$I:$I,"1174") -> 0 | J42: 0 | K42: =+D42-J42 -> 0 | L42: =IFERROR(+K42/J42,0) -> 0
A43: 0870 | B43: DELTA | C43: =UPPER(VLOOKUP(A43,Contacts!I:J,2,FALSE)) -> DELTA COUNTY 50(J) | D43: =SUMIFS(Data!$N:$N,Data!$B:$B,'Preliminary Report '!$A43,Data!$I:$I,"1170") -> 0 | E43: =SUMIFS(Data!$N:$N,Data!$B:$B,'Preliminary Report '!$A43,Data!$I:$I,"1171") -> 0 | F43: =SUMIFS(Data!$N:$N,Data!$B:$B,'Preliminary Report '!$A43,Data!$I:$I,"1172") -> 0 | G43: =SUMIFS(Data!$N:$N,Data!$B:$B,'Preliminary Report '!$A43,Data!$I:$I,"1173") -> 0 | H43: =SUMIFS(Data!$N:$N,Data!$B:$B,'Preliminary Report '!$A43,Data!$I:$I,"1174") -> 0 | J43: 0 | K43: =+D43-J43 -> 0 | L43: =IFERROR(+K43/J43,0) -> 0
A44: 0880 | B44: DENVER | C44: =UPPER(VLOOKUP(A44,Contacts!I:J,2,FALSE)) -> DENVER COUNTY 1 | D44: =SUMIFS(Data!$N:$N,Data!$B:$B,'Preliminary Report '!$A44,Data!$I:$I,"1170") -> 638484611 | E44: =SUMIFS(Data!$N:$N,Data!$B:$B,'Preliminary Report '!$A44,Data!$I:$I,"1171") -> 2.8452982e+08 | F44: =SUMIFS(Data!$N:$N,Data!$B:$B,'Preliminary Report '!$A44,Data!$I:$I,"1172") -> 76871896 | G44: =SUMIFS(Data!$N:$N,Data!$B:$B,'Preliminary Report '!$A44,Data!$I:$I,"1173") -> 0.49 | H44: =SUMIFS(Data!$N:$N,Data!$B:$B,'Preliminary Report '!$A44,Data!$I:$I,"1174") -> 2.0765792e+08 | J44: 5.9399029e+08 | K44: =+D44-J44 -> 44494321 | L44: =IFERROR(+K44/J44,0) -> 0.07490749
A45: 0890 | B45: DOLORES | C45: =UPPER(VLOOKUP(A45,Contacts!I:J,2,FALSE)) -> DOLORES COUNTY RE NO.2 | D45: =SUMIFS(Data!$N:$N,Data!$B:$B,'Preliminary Report '!$A45,Data!$I:$I,"1170") -> 285060 | E45: =SUMIFS(Data!$N:$N,Data!$B:$B,'Preliminary Report '!$A45,Data!$I:$I,"1171") -> 272535 | F45: =SUMIFS(Data!$N:$N,Data!$B:$B,'Preliminary Report '!$A45,Data!$I:$I,"1172") -> 0 | G45: =SUMIFS(Data!$N:$N,Data!$B:$B,'Preliminary Report '!$A45,Data!$I:$I,"1173") -> 0 | H45: =SUMIFS(Data!$N:$N,Data!$B:$B,'Preliminary Report '!$A45,Data!$I:$I,"1174") -> 272535 | J45: 341761 | K45: =+D45-J45 -> -56701 | L45: =IFERROR(+K45/J45,0) -> -0.16590834 | M45: =VLOOKUP(A45,Contacts!A:B,2,FALSE) -> rguynes@dc2j.org | N45: =VLOOKUP(A45,Contacts!D:F,3,FALSE) -> rguynes@dc2j.org
A46: 0900 | B46: DOUGLAS | C46: =UPPER(VLOOKUP(A46,Contacts!I:J,2,FALSE)) -> DOUGLAS COUNTY RE 1 | D46: =SUMIFS(Data!$N:$N,Data!$B:$B,'Preliminary Report '!$A46,Data!$I:$I,"1170") -> 139706492 | E46: =SUMIFS(Data!$N:$N,Data!$B:$B,'Preliminary Report '!$A46,Data!$I:$I,"1171") -> 139706492 | F46: =SUMIFS(Data!$N:$N,Data!$B:$B,'Preliminary Report '!$A46,Data!$I:$I,"1172") -> 33860756 | G46: =SUMIFS(Data!$N:$N,Data!$B:$B,'Preliminary Report '!$A46,Data!$I:$I,"1173") -> 0 | H46: =SUMIFS(Data!$N:$N,Data!$B:$B,'Preliminary Report '!$A46,Data!$I:$I,"1174") -> 1.0584574e+08 | J46: 139717914 | K46: =+D46-J46 -> -11422 | L46: =IFERROR(+K46/J46,0) -> -8.1750433e-05
A47: 0910 | B47: EAGLE | C47: =UPPER(VLOOKUP(A47,Contacts!I:J,2,FALSE)) -> EAGLE COUNTY RE 50 | D47: 19730613 | E47: 19563507 | F47: 1071338 | G47: 0 | H47: 18492169 | J47: 19208044 | K47: =+D47-J47 -> 522569 | L47: =IFERROR(+K47/J47,0) -> 0.027205737 | M47: =VLOOKUP(A47,Contacts!A:B,2,FALSE) -> bryson.beaver@eagleschools.net | N47: =VLOOKUP(A47,Contacts!D:F,3,FALSE) -> bryson.beaver@eagleschools.net | O47: 7/24 - Bryson sent updated amounts to be reported.
A48: 0920 | B48: ELBERT | C48: =UPPER(VLOOKUP(A48,Contacts!I:J,2,FALSE)) -> ELIZABETH SCHOOL DISTRICT | D48: =SUMIFS(Data!$N:$N,Data!$B:$B,'Preliminary Report '!$A48,Data!$I:$I,"1170") -> 1590000 | E48: =SUMIFS(Data!$N:$N,Data!$B:$B,'Preliminary Report '!$A48,Data!$I:$I,"1171") -> 1658983.7 | F48: =SUMIFS(Data!$N:$N,Data!$B:$B,'Preliminary Report '!$A48,Data!$I:$I,"1172") -> 352630.37 | G48: =SUMIFS(Data!$N:$N,Data!$B:$B,'Preliminary Report '!$A48,Data!$I:$I,"1173") -> 0 | H48: =SUMIFS(Data!$N:$N,Data!$B:$B,'Preliminary Report '!$A48,Data!$I:$I,"1174") -> 1306353.4 | J48: 1590000 | K48: =+D48-J48 -> 0 | L48: =IFERROR(+K48/J48,0) -> 0
A49: 0930 | B49: ELBERT | C49: =UPPER(VLOOKUP(A49,Contacts!I:J,2,FALSE)) -> KIOWA C-2 | D49: =SUMIFS(Data!$N:$N,Data!$B:$B,'Preliminary Report '!$A49,Data!$I:$I,"1170") -> 0 | E49: =SUMIFS(Data!$N:$N,Data!$B:$B,'Preliminary Report '!$A49,Data!$I:$I,"1171") -> 0 | F49: =SUMIFS(Data!$N:$N,Data!$B:$B,'Preliminary Report '!$A49,Data!$I:$I,"1172") -> 0 | G49: =SUMIFS(Data!$N:$N,Data!$B:$B,'Preliminary Report '!$A49,Data!$I:$I,"1173") -> 0 | H49: =SUMIFS(Data!$N:$N,Data!$B:$B,'Preliminary Report '!$A49,Data!$I:$I,"1174") -> 0 | J49: 0 | K49: =+D49-J49 -> 0 | L49: =IFERROR(+K49/J49,0) -> 0
A50: 0940 | B50: ELBERT | C50: =UPPER(VLOOKUP(A50,Contacts!I:J,2,FALSE)) -> BIG SANDY 100J | D50: =SUMIFS(Data!$N:$N,Data!$B:$B,'Preliminary Report '!$A50,Data!$I:$I,"1170") -> 0 | E50: =SUMIFS(Data!$N:$N,Data!$B:$B,'Preliminary Report '!$A50,Data!$I:$I,"1171") -> 0 | F50: =SUMIFS(Data!$N:$N,Data!$B:$B,'Preliminary Report '!$A50,Data!$I:$I,"1172") -> 0 | G50: =SUMIFS(Data!$N:$N,Data!$B:$B,'Preliminary Report '!$A50,Data!$I:$I,"1173") -> 0 | H50: =SUMIFS(Data!$N:$N,Data!$B:$B,'Preliminary Report '!$A50,Data!$I:$I,"1174") -> 0 | J50: 0 | K50: =+D50-J50 -> 0 | L50: =IFERROR(+K50/J50,0) -> 0
A51: 0950 | B51: ELBERT | C51: =UPPER(VLOOKUP(A51,Contacts!I:J,2,FALSE)) -> ELBERT 200 | D51: =SUMIFS(Data!$N:$N,Data!$B:$B,'Preliminary Report '!$A51,Data!$I:$I,"1170") -> 0 | E51: =SUMIFS(Data!$N:$N,Data!$B:$B,'Preliminary Report '!$A51,Data!$I:$I,"1171") -> 0 | F51: =SUMIFS(Data!$N:$N,Data!$B:$B,'Preliminary Report '!$A51,Data!$I:$I,"1172") -> 0 | G51: =SUMIFS(Data!$N:$N,Data!$B:$B,'Preliminary Report '!$A51,Data!$I:$I,"1173") -> 0 | H51: =SUMIFS(Data!$N:$N,Data!$B:$B,'Preliminary Report '!$A51,Data!$I:$I,"1174") -> 0 | J51: 0 | K51: =+D51-J51 -> 0 | L51: =IFERROR(+K51/J51,0) -> 0
A52: 0960 | B52: ELBERT | C52: =UPPER(VLOOKUP(A52,Contacts!I:J,2,FALSE)) -> AGATE 300 | D52: =SUMIFS(Data!$N:$N,Data!$B:$B,'Preliminary Report '!$A52,Data!$I:$I,"1170") -> 0 | E52: =SUMIFS(Data!$N:$N,Data!$B:$B,'Preliminary Report '!$A52,Data!$I:$I,"1171") -> 0 | F52: =SUMIFS(Data!$N:$N,Data!$B:$B,'Preliminary Report '!$A52,Data!$I:$I,"1172") -> 0 | G52: =SUMIFS(Data!$N:$N,Data!$B:$B,'Preliminary Report '!$A52,Data!$I:$I,"1173") -> 0 | H52: =SUMIFS(Data!$N:$N,Data!$B:$B,'Preliminary Report '!$A52,Data!$I:$I,"1174") -> 0 | J52: 0 | K52: =+D52-J52 -> 0 | L52: =IFERROR(+K52/J52,0) -> 0
A53: 0970 | B53: EL PASO | C53: =UPPER(VLOOKUP(A53,Contacts!I:J,2,FALSE)) -> CALHAN RJ-1 | D53: =SUMIFS(Data!$N:$N,Data!$B:$B,'Preliminary Report '!$A53,Data!$I:$I,"1170") -> 0 | E53: =SUMIFS(Data!$N:$N,Data!$B:$B,'Preliminary Report '!$A53,Data!$I:$I,"1171") -> 0 | F53: =SUMIFS(Data!$N:$N,Data!$B:$B,'Preliminary Report '!$A53,Data!$I:$I,"1172") -> 0 | G53: =SUMIFS(Data!$N:$N,Data!$B:$B,'Preliminary Report '!$A53,Data!$I:$I,"1173") -> 0 | H53: =SUMIFS(Data!$N:$N,Data!$B:$B,'Preliminary Report '!$A53,Data!$I:$I,"1174") -> 0 | J53: 0 | K53: =+D53-J53 -> 0 | L53: =IFERROR(+K53/J53,0) -> 0
A54: 0980 | B54: EL PASO | C54: =UPPER(VLOOKUP(A54,Contacts!I:J,2,FALSE)) -> HARRISON 2 | D54: =SUMIFS(Data!$N:$N,Data!$B:$B,'Preliminary Report '!$A54,Data!$I:$I,"1170") -> 14749358 | E54: 14608020 | F54: =SUMIFS(Data!$N:$N,Data!$B:$B,'Preliminary Report '!$A54,Data!$I:$I,"1172") -> 4956831.4 | G54: =SUMIFS(Data!$N:$N,Data!$B:$B,'Preliminary Report '!$A54,Data!$I:$I,"1173") -> 0 | H54: 9651189 | J54: 5750000 | K54: =+D54-J54 -> 8999358.4 | L54: =IFERROR(+K54/J54,0) -> 1.5651058 | M54: =VLOOKUP(A54,Contacts!A:B,2,FALSE) -> carcarese@hsd2.org; jmaksimowiz@hsd2.org | N54: jmaksimowicz@hsd2.org | O54: 7/30 - Jake sent updated amounts to be reported
A55: 0990 | B55: EL PASO | C55: =UPPER(VLOOKUP(A55,Contacts!I:J,2,FALSE)) -> WIDEFIELD 3 | D55: =SUMIFS(Data!$N:$N,Data!$B:$B,'Preliminary Report '!$A55,Data!$I:$I,"1170") -> 9865855 | E55: =SUMIFS(Data!$N:$N,Data!$B:$B,'Preliminary Report '!$A55,Data!$I:$I,"1171") -> 9699952.8 | F55: =SUMIFS(Data!$N:$N,Data!$B:$B,'Preliminary Report '!$A55,Data!$I:$I,"1172") -> 79044 | G55: =SUMIFS(Data!$N:$N,Data!$B:$B,'Preliminary Report '!$A55,Data!$I:$I,"1173") -> 0 | H55: =SUMIFS(Data!$N:$N,Data!$B:$B,'Preliminary Report '!$A55,Data!$I:$I,"1174") -> 9620908.8 | J55: 9504567 | K55: =+D55-J55 -> 361288 | L55: =IFERROR(+K55/J55,0) -> 0.038012042
A56: 1000 | B56: EL PASO | C56: =UPPER(VLOOKUP(A56,Contacts!I:J,2,FALSE)) -> FOUNTAIN 8 | D56: =SUMIFS(Data!$N:$N,Data!$B:$B,'Preliminary Report '!$A56,Data!$I:$I,"1170") -> 1242431.9 | E56: =SUMIFS(Data!$N:$N,Data!$B:$B,'Preliminary Report '!$A56,Data!$I:$I,"1171") -> 1200348.1 | F56: =SUMIFS(Data!$N:$N,Data!$B:$B,'Preliminary Report '!$A56,Data!$I:$I,"1172") -> 0 | G56: =SUMIFS(Data!$N:$N,Data!$B:$B,'Preliminary Report '!$A56,Data!$I:$I,"1173") -> 1200348.1 | H56: =SUMIFS(Data!$N:$N,Data!$B:$B,'Preliminary Report '!$A56,Data!$I:$I,"1174") -> 0 | J56: 1213297.1 | K56: =+D56-J56 -> 29134.8 | L56: =IFERROR(+K56/J56,0) -> 0.024012916
A57: 1010 | B57: EL PASO | C57: =UPPER(VLOOKUP(A57,Contacts!I:J,2,FALSE)) -> COLORADO SPRINGS 11 | D57: =SUMIFS(Data!$N:$N,Data!$B:$B,'Preliminary Report '!$A57,Data!$I:$I,"1170") -> 81112348 | E57: =SUMIFS(Data!$N:$N,Data!$B:$B,'Preliminary Report '!$A57,Data!$I:$I,"1171") -> 81112348 | F57: =SUMIFS(Data!$N:$N,Data!$B:$B,'Preliminary Report '!$A57,Data!$I:$I,"1172") -> 8369387.6 | G57: =SUMIFS(Data!$N:$N,Data!$B:$B,'Preliminary Report '!$A57,Data!$I:$I,"1173") -> 0 | H57: =SUMIFS(Data!$N:$N,Data!$B:$B,'Preliminary Report '!$A57,Data!$I:$I,"1174") -> 72742960 | J57: 78814210 | K57: =+D57-J57 -> 2298138 | L57: =IFERROR(+K57/J57,0) -> 0.02915893
A58: 1020 | B58: EL PASO | C58: =UPPER(VLOOKUP(A58,Contacts!I:J,2,FALSE)) -> CHEYENNE MOUNTAIN 12 | D58: =SUMIFS(Data!$N:$N,Data!$B:$B,'Preliminary Report '!$A58,Data!$I:$I,"1170") -> 10003036 | E58: =SUMIFS(Data!$N:$N,Data!$B:$B,'Preliminary Report '!$A58,Data!$I:$I,"1171") -> 10003036 | F58: =SUMIFS(Data!$N:$N,Data!$B:$B,'Preliminary Report '!$A58,Data!$I:$I,"1172") -> 0 | G58: =SUMIFS(Data!$N:$N,Data!$B:$B,'Preliminary Report '!$A58,Data!$I:$I,"1173") -> 0 | H58: =SUMIFS(Data!$N:$N,Data!$B:$B,'Preliminary Report '!$A58,Data!$I:$I,"1174") -> 10003036 | J58: 9296804 | K58: =+D58-J58 -> 706232 | L58: =IFERROR(+K58/J58,0) -> 0.075965031
A59: 1030 | B59: EL PASO | C59: =UPPER(VLOOKUP(A59,Contacts!I:J,2,FALSE)) -> MANITOU SPRINGS 14 | D59: =SUMIFS(Data!$N:$N,Data!$B:$B,'Preliminary Report '!$A59,Data!$I:$I,"1170") -> 4354658.9 | E59: =SUMIFS(Data!$N:$N,Data!$B:$B,'Preliminary Report '!$A59,Data!$I:$I,"1171") -> 4338250.1 | F59: =SUMIFS(Data!$N:$N,Data!$B:$B,'Preliminary Report '!$A59,Data!$I:$I,"1172") -> 0 | G59: =SUMIFS(Data!$N:$N,Data!$B:$B,'Preliminary Report '!$A59,Data!$I:$I,"1173") -> 0 | H59: =SUMIFS(Data!$N:$N,Data!$B:$B,'Preliminary Report '!$A59,Data!$I:$I,"1174") -> 4338250.1 | J59: 4239429.2 | K59: =+D59-J59 -> 115229.65 | L59: =IFERROR(+K59/J59,0) -> 0.027180463
A60: 1040 | B60: EL PASO | C60: =UPPER(VLOOKUP(A60,Contacts!I:J,2,FALSE)) -> ACADEMY 20 | D60: =SUMIFS(Data!$N:$N,Data!$B:$B,'Preliminary Report '!$A60,Data!$I:$I,"1170") -> 26746643 | E60: =SUMIFS(Data!$N:$N,Data!$B:$B,'Preliminary Report '!$A60,Data!$I:$I,"1171") -> 26471407 | F60: =SUMIFS(Data!$N:$N,Data!$B:$B,'Preliminary Report '!$A60,Data!$I:$I,"1172") -> 2810173.6 | G60: =SUMIFS(Data!$N:$N,Data!$B:$B,'Preliminary Report '!$A60,Data!$I:$I,"1173") -> 0 | H60: =SUMIFS(Data!$N:$N,Data!$B:$B,'Preliminary Report '!$A60,Data!$I:$I,"1174") -> 23661233 | J60: 26746723 | K60: =+D60-J60 -> -80 | L60: =IFERROR(+K60/J60,0) -> -2.9910206e-06 | O60: 8/16 per Cathy W - amuonts are accurate
A61: 1050 | B61: EL PASO | C61: =UPPER(VLOOKUP(A61,Contacts!I:J,2,FALSE)) -> ELLICOTT 22 | D61: =SUMIFS(Data!$N:$N,Data!$B:$B,'Preliminary Report '!$A61,Data!$I:$I,"1170") -> 0 | E61: =SUMIFS(Data!$N:$N,Data!$B:$B,'Preliminary Report '!$A61,Data!$I:$I,"1171") -> 0 | F61: =SUMIFS(Data!$N:$N,Data!$B:$B,'Preliminary Report '!$A61,Data!$I:$I,"1172") -> 0 | G61: =SUMIFS(Data!$N:$N,Data!$B:$B,'Preliminary Report '!$A61,Data!$I:$I,"1173") -> 0 | H61: =SUMIFS(Data!$N:$N,Data!$B:$B,'Preliminary Report '!$A61,Data!$I:$I,"1174") -> 0 | J61: 0 | K61: =+D61-J61 -> 0 | L61: =IFERROR(+K61/J61,0) -> 0
A62: 1060 | B62: EL PASO | C62: =UPPER(VLOOKUP(A62,Contacts!I:J,2,FALSE)) -> PEYTON 23 JT | D62: =SUMIFS(Data!$N:$N,Data!$B:$B,'Preliminary Report '!$A62,Data!$I:$I,"1170") -> 0 | E62: =SUMIFS(Data!$N:$N,Data!$B:$B,'Preliminary Report '!$A62,Data!$I:$I,"1171") -> 0 | F62: =SUMIFS(Data!$N:$N,Data!$B:$B,'Preliminary Report '!$A62,Data!$I:$I,"1172") -> 0 | G62: =SUMIFS(Data!$N:$N,Data!$B:$B,'Preliminary Report '!$A62,Data!$I:$I,"1173") -> 0 | H62: =SUMIFS(Data!$N:$N,Data!$B:$B,'Preliminary Report '!$A62,Data!$I:$I,"1174") -> 0 | J62: 0 | K62: =+D62-J62 -> 0 | L62: =IFERROR(+K62/J62,0) -> 0
A63: 1070 | B63: EL PASO | C63: =UPPER(VLOOKUP(A63,Contacts!I:J,2,FALSE)) -> HANOVER 28 | D63: =SUMIFS(Data!$N:$N,Data!$B:$B,'Preliminary Report '!$A63,Data!$I:$I,"1170") -> 0 | E63: =SUMIFS(Data!$N:$N,Data!$B:$B,'Preliminary Report '!$A63,Data!$I:$I,"1171") -> 0 | F63: =SUMIFS(Data!$N:$N,Data!$B:$B,'Preliminary Report '!$A63,Data!$I:$I,"1172") -> 0 | G63: =SUMIFS(Data!$N:$N,Data!$B:$B,'Preliminary Report '!$A63,Data!$I:$I,"1173") -> 0 | H63: =SUMIFS(Data!$N:$N,Data!$B:$B,'Preliminary Report '!$A63,Data!$I:$I,"1174") -> 0 | J63: 0 | K63: =+D63-J63 -> 0 | L63: =IFERROR(+K63/J63,0) -> 0
A64: 1080 | B64: EL PASO | C64: =UPPER(VLOOKUP(A64,Contacts!I:J,2,FALSE)) -> LEWIS-PALMER 38 | D64: =SUMIFS(Data!$N:$N,Data!$B:$B,'Preliminary Report '!$A64,Data!$I:$I,"1170") -> 4000000 | E64: =SUMIFS(Data!$N:$N,Data!$B:$B,'Preliminary Report '!$A64,Data!$I:$I,"1171") -> 3990425.5 | F64: =SUMIFS(Data!$N:$N,Data!$B:$B,'Preliminary Report '!$A64,Data!$I:$I,"1172") -> 705230.17 | G64: =SUMIFS(Data!$N:$N,Data!$B:$B,'Preliminary Report '!$A64,Data!$I:$I,"1173") -> 3285195.3 | H64: =SUMIFS(Data!$N:$N,Data!$B:$B,'Preliminary Report '!$A64,Data!$I:$I,"1174") -> 0.01 | J64: 4000000 | K64: =+D64-J64 -> 0 | L64: =IFERROR(+K64/J64,0) -> 0
A65: 1110 | B65: EL PASO | C65: =UPPER(VLOOKUP(A65,Contacts!I:J,2,FALSE)) -> DISTRICT 49 | D65: =SUMIFS(Data!$N:$N,Data!$B:$B,'Preliminary Report '!$A65,Data!$I:$I,"1170") -> 31668106 | E65: =SUMIFS(Data!$N:$N,Data!$B:$B,'Preliminary Report '!$A65,Data!$I:$I,"1171") -> 31658303 | F65: =SUMIFS(Data!$N:$N,Data!$B:$B,'Preliminary Report '!$A65,Data!$I:$I,"1172") -> 3364274 | G65: =SUMIFS(Data!$N:$N,Data!$B:$B,'Preliminary Report '!$A65,Data!$I:$I,"1173") -> 7136158 | H65: =SUMIFS(Data!$N:$N,Data!$B:$B,'Preliminary Report '!$A65,Data!$I:$I,"1174") -> 21157871 | J65: 23838402 | K65: =+D65-J65 -> 7829703.8 | L65: =IFERROR(+K65/J65,0) -> 0.32844919 | M65: =VLOOKUP(A65,Contacts!A:B,2,FALSE) -> rebekah.brooks@d49.org | N65: =VLOOKUP(A65,Contacts!D:F,3,FALSE) -> heather.diaz@d49.org | O65: 7/23-heather confirmed the current year, FY24 were incorrect.
A66: 1120 | B66: EL PASO | C66: =UPPER(VLOOKUP(A66,Contacts!I:J,2,FALSE)) -> EDISON 54 JT | D66: =SUMIFS(Data!$N:$N,Data!$B:$B,'Preliminary Report '!$A66,Data!$I:$I,"1170") -> 0 | E66: =SUMIFS(Data!$N:$N,Data!$B:$B,'Preliminary Report '!$A66,Data!$I:$I,"1171") -> 0 | F66: =SUMIFS(Data!$N:$N,Data!$B:$B,'Preliminary Report '!$A66,Data!$I:$I,"1172") -> 0 | G66: =SUMIFS(Data!$N:$N,Data!$B:$B,'Preliminary Report '!$A66,Data!$I:$I,"1173") -> 0 | H66: =SUMIFS(Data!$N:$N,Data!$B:$B,'Preliminary Report '!$A66,Data!$I:$I,"1174") -> 0 | J66: 0 | K66: =+D66-J66 -> 0 | L66: =IFERROR(+K66/J66,0) -> 0
A67: 1130 | B67: EL PASO | C67: =UPPER(VLOOKUP(A67,Contacts!I:J,2,FALSE)) -> MIAMI/YODER 60 JT | D67: 45573 | E67: 44488 | F67: =SUMIFS(Data!$N:$N,Data!$B:$B,'Preliminary Report '!$A67,Data!$I:$I,"1172") -> 0 | G67: =SUMIFS(Data!$N:$N,Data!$B:$B,'Preliminary Report '!$A67,Data!$I:$I,"1173") -> 0 | H67: 44488 | J67: 40573 | K67: =+D67-J67 -> 5000 | L67: =IFERROR(+K67/J67,0) -> 0.12323466 | M67: =VLOOKUP(A67,Contacts!A:B,2,FALSE) -> gstrouse@miamiyoder.org | N67: =VLOOKUP(A67,Contacts!D:F,3,FALSE) -> gstrouse@miamiyoder.org | O67: 7/20 spoke with Glenda, she has 3 counties and one county provides MLO. She will send updated amounts / 7/20 Glenda emailed the updated amounts for the report.
A68: 1140 | B68: FREMONT | C68: =UPPER(VLOOKUP(A68,Contacts!I:J,2,FALSE)) -> CANON CITY RE-1 | D68: =SUMIFS(Data!$N:$N,Data!$B:$B,'Preliminary Report '!$A68,Data!$I:$I,"1170") -> 1385000 | E68: 1384953 | F68: =SUMIFS(Data!$N:$N,Data!$B:$B,'Preliminary Report '!$A68,Data!$I:$I,"1172") -> 101667.34 | G68: =SUMIFS(Data!$N:$N,Data!$B:$B,'Preliminary Report '!$A68,Data!$I:$I,"1173") -> 0 | H68: 1283286 | J68: 1385000 | K68: =+D68-J68 -> 0 | L68: =IFERROR(+K68/J68,0) -> 0 | M68: glenn.hayes@canoncityschools.org | O68: 7/20 - updated amount received from Glenn Hayes
A69: 1150 | B69: FREMONT | C69: =UPPER(VLOOKUP(A69,Contacts!I:J,2,FALSE)) -> FREMONT RE-2 | D69: 350000 | E69: 339578.43 | F69: =SUMIFS(Data!$N:$N,Data!$B:$B,'Preliminary Report '!$A69,Data!$I:$I,"1172") -> 0 | G69: =SUMIFS(Data!$N:$N,Data!$B:$B,'Preliminary Report '!$A69,Data!$I:$I,"1173") -> 0 | H69: 339578.43 | J69: 35000000 | K69: =+D69-J69 -> -34650000 | L69: =IFERROR(+K69/J69,0) -> -0.99 | M69: =VLOOKUP(A69,Contacts!A:B,2,FALSE) -> rkaplan@re-2.org | N69: =VLOOKUP(A69,Contacts!D:F,3,FALSE) -> mcampbell@re-2.org | O69: 7/20 Rachel emailed and confirmed she will respond by 8/21, 8/11 phone call with Rachel and Glenn they are working through the calculations, 8/11 Rachel provided updated amounts for the report
A70: 1160 | B70: FREMONT | C70: =UPPER(VLOOKUP(A70,Contacts!I:J,2,FALSE)) -> COTOPAXI RE-3 | D70: =SUMIFS(Data!$N:$N,Data!$B:$B,'Preliminary Report '!$A70,Data!$I:$I,"1170") -> 0 | E70: =SUMIFS(Data!$N:$N,Data!$B:$B,'Preliminary Report '!$A70,Data!$I:$I,"1171") -> 0 | F70: =SUMIFS(Data!$N:$N,Data!$B:$B,'Preliminary Report '!$A70,Data!$I:$I,"1172") -> 0 | G70: =SUMIFS(Data!$N:$N,Data!$B:$B,'Preliminary Report '!$A70,Data!$I:$I,"1173") -> 0 | H70: =SUMIFS(Data!$N:$N,Data!$B:$B,'Preliminary Report '!$A70,Data!$I:$I,"1174") -> 0 | J70: 0 | K70: =+D70-J70 -> 0 | L70: =IFERROR(+K70/J70,0) -> 0
A71: 1180 | B71: GARFIELD | C71: =UPPER(VLOOKUP(A71,Contacts!I:J,2,FALSE)) -> ROARING FORK RE-1 | D71: =SUMIFS(Data!$N:$N,Data!$B:$B,'Preliminary Report '!$A71,Data!$I:$I,"1170") -> 18046075 | E71: =SUMIFS(Data!$N:$N,Data!$B:$B,'Preliminary Report '!$A71,Data!$I:$I,"1171") -> 17197188 | F71: =SUMIFS(Data!$N:$N,Data!$B:$B,'Preliminary Report '!$A71,Data!$I:$I,"1172") -> 1615859.5 | G71: =SUMIFS(Data!$N:$N,Data!$B:$B,'Preliminary Report '!$A71,Data!$I:$I,"1173") -> 0 | H71: =SUMIFS(Data!$N:$N,Data!$B:$B,'Preliminary Report '!$A71,Data!$I:$I,"1174") -> 15581328 | J71: 17046534 | K71: =+D71-J71 -> 999540.81 | L71: =IFERROR(+K71/J71,0) -> 0.058636014
A72: 1195 | B72: GARFIELD | C72: =UPPER(VLOOKUP(A72,Contacts!I:J,2,FALSE)) -> GARFIELD RE-2 | D72: =SUMIFS(Data!$N:$N,Data!$B:$B,'Preliminary Report '!$A72,Data!$I:$I,"1170") -> 9200000 | E72: =SUMIFS(Data!$N:$N,Data!$B:$B,'Preliminary Report '!$A72,Data!$I:$I,"1171") -> 9221540.5 | F72: =SUMIFS(Data!$N:$N,Data!$B:$B,'Preliminary Report '!$A72,Data!$I:$I,"1172") -> 0 | G72: =SUMIFS(Data!$N:$N,Data!$B:$B,'Preliminary Report '!$A72,Data!$I:$I,"1173") -> 0 | H72: =SUMIFS(Data!$N:$N,Data!$B:$B,'Preliminary Report '!$A72,Data!$I:$I,"1174") -> 9221540.5 | J72: 9200000 | K72: =+D72-J72 -> 0 | L72: =IFERROR(+K72/J72,0) -> 0
A73: 1220 | B73: GARFIELD | C73: =UPPER(VLOOKUP(A73,Contacts!I:J,2,FALSE)) -> GARFIELD 16 | D73: =SUMIFS(Data!$N:$N,Data!$B:$B,'Preliminary Report '!$A73,Data!$I:$I,"1170") -> 2167002 | E73: =SUMIFS(Data!$N:$N,Data!$B:$B,'Preliminary Report '!$A73,Data!$I:$I,"1171") -> 2158669 | F73: =SUMIFS(Data!$N:$N,Data!$B:$B,'Preliminary Report '!$A73,Data!$I:$I,"1172") -> 0 | G73: =SUMIFS(Data!$N:$N,Data!$B:$B,'Preliminary Report '!$A73,Data!$I:$I,"1173") -> 0 | H73: =SUMIFS(Data!$N:$N,Data!$B:$B,'Preliminary Report '!$A73,Data!$I:$I,"1174") -> 2158669 | J73: 2167002 | K73: =+D73-J73 -> 0 | L73: =IFERROR(+K73/J73,0) -> 0
A74: 1330 | B74: GILPIN | C74: =UPPER(VLOOKUP(A74,Contacts!I:J,2,FALSE)) -> GILPIN COUNTY RE-1 | D74: =SUMIFS(Data!$N:$N,Data!$B:$B,'Preliminary Report '!$A74,Data!$I:$I,"1170") -> 0 | E74: =SUMIFS(Data!$N:$N,Data!$B:$B,'Preliminary Report '!$A74,Data!$I:$I,"1171") -> 0 | F74: =SUMIFS(Data!$N:$N,Data!$B:$B,'Preliminary Report '!$A74,Data!$I:$I,"1172") -> 0 | G74: =SUMIFS(Data!$N:$N,Data!$B:$B,'Preliminary Report '!$A74,Data!$I:$I,"1173") -> 0 | H74: =SUMIFS(Data!$N:$N,Data!$B:$B,'Preliminary Report '!$A74,Data!$I:$I,"1174") -> 0 | J74: 0 | K74: =+D74-J74 -> 0 | L74: =IFERROR(+K74/J74,0) -> 0
A75: 1340 | B75: GRAND | C75: =UPPER(VLOOKUP(A75,Contacts!I:J,2,FALSE)) -> WEST GRAND 1-JT | D75: =SUMIFS(Data!$N:$N,Data!$B:$B,'Preliminary Report '!$A75,Data!$I:$I,"1170") -> 1101523 | E75: =SUMIFS(Data!$N:$N,Data!$B:$B,'Preliminary Report '!$A75,Data!$I:$I,"1171") -> 1071473 | F75: =SUMIFS(Data!$N:$N,Data!$B:$B,'Preliminary Report '!$A75,Data!$I:$I,"1172") -> 0 | G75: =SUMIFS(Data!$N:$N,Data!$B:$B,'Preliminary Report '!$A75,Data!$I:$I,"1173") -> 0 | H75: =SUMIFS(Data!$N:$N,Data!$B:$B,'Preliminary Report '!$A75,Data!$I:$I,"1174") -> 1071473 | J75: 1101523 | K75: =+D75-J75 -> 0 | L75: =IFERROR(+K75/J75,0) -> 0
A76: 1350 | B76: GRAND | C76: =UPPER(VLOOKUP(A76,Contacts!I:J,2,FALSE)) -> EAST GRAND 2 | D76: =SUMIFS(Data!$N:$N,Data!$B:$B,'Preliminary Report '!$A76,Data!$I:$I,"1170") -> 2309916.2 | E76: =SUMIFS(Data!$N:$N,Data!$B:$B,'Preliminary Report '!$A76,Data!$I:$I,"1171") -> 2309916.2 | F76: =SUMIFS(Data!$N:$N,Data!$B:$B,'Preliminary Report '!$A76,Data!$I:$I,"1172") -> 0 | G76: =SUMIFS(Data!$N:$N,Data!$B:$B,'Preliminary Report '!$A76,Data!$I:$I,"1173") -> 0 | H76: =SUMIFS(Data!$N:$N,Data!$B:$B,'Preliminary Report '!$A76,Data!$I:$I,"1174") -> 2309916.2 | J76: 0 | K76: =+D76-J76 -> 2309916.2 | L76: =IFERROR(+K76/J76,0) -> 0
A77: 1360 | B77: GUNNISON | C77: =UPPER(VLOOKUP(A77,Contacts!I:J,2,FALSE)) -> GUNNISON WATERSHED RE1J | D77: =SUMIFS(Data!$N:$N,Data!$B:$B,'Preliminary Report '!$A77,Data!$I:$I,"1170") -> 3800000 | E77: =SUMIFS(Data!$N:$N,Data!$B:$B,'Preliminary Report '!$A77,Data!$I:$I,"1171") -> 3792556.2 | F77: =SUMIFS(Data!$N:$N,Data!$B:$B,'Preliminary Report '!$A77,Data!$I:$I,"1172") -> 61641.22 | G77: =SUMIFS(Data!$N:$N,Data!$B:$B,'Preliminary Report '!$A77,Data!$I:$I,"1173") -> 0 | H77: =SUMIFS(Data!$N:$N,Data!$B:$B,'Preliminary Report '!$A77,Data!$I:$I,"1174") -> 3730915 | J77: 3800000 | K77: =+D77-J77 -> 0 | L77: =IFERROR(+K77/J77,0) -> 0
A78: 1380 | B78: HINSDALE | C78: =UPPER(VLOOKUP(A78,Contacts!I:J,2,FALSE)) -> HINSDALE COUNTY RE 1 | D78: =SUMIFS(Data!$N:$N,Data!$B:$B,'Preliminary Report '!$A78,Data!$I:$I,"1170") -> 0 | E78: =SUMIFS(Data!$N:$N,Data!$B:$B,'Preliminary Report '!$A78,Data!$I:$I,"1171") -> 0 | F78: =SUMIFS(Data!$N:$N,Data!$B:$B,'Preliminary Report '!$A78,Data!$I:$I,"1172") -> 0 | G78: =SUMIFS(Data!$N:$N,Data!$B:$B,'Preliminary Report '!$A78,Data!$I:$I,"1173") -> 0 | H78: =SUMIFS(Data!$N:$N,Data!$B:$B,'Preliminary Report '!$A78,Data!$I:$I,"1174") -> 0 | J78: 0 | K78: =+D78-J78 -> 0 | L78: =IFERROR(+K78/J78,0) -> 0
A79: 1390 | B79: HUERFANO | C79: =UPPER(VLOOKUP(A79,Contacts!I:J,2,FALSE)) -> HUERFANO RE-1 | D79: =SUMIFS(Data!$N:$N,Data!$B:$B,'Preliminary Report '!$A79,Data!$I:$I,"1170") -> 0 | E79: =SUMIFS(Data!$N:$N,Data!$B:$B,'Preliminary Report '!$A79,Data!$I:$I,"1171") -> 0 | F79: =SUMIFS(Data!$N:$N,Data!$B:$B,'Preliminary Report '!$A79,Data!$I:$I,"1172") -> 0 | G79: =SUMIFS(Data!$N:$N,Data!$B:$B,'Preliminary Report '!$A79,Data!$I:$I,"1173") -> 0 | H79: =SUMIFS(Data!$N:$N,Data!$B:$B,'Preliminary Report '!$A79,Data!$I:$I,"1174") -> 0 | J79: 322000 | K79: =+D79-J79 -> -322000 | L79: =IFERROR(+K79/J79,0) -> -1 | M79: =VLOOKUP(A79,Contacts!A:B,2,FALSE) -> karen@k12accounting.com | N79: =VLOOKUP(A79,Contacts!D:F,3,FALSE) -> #N/A
A80: 1400 | B80: HUERFANO | C80: =UPPER(VLOOKUP(A80,Contacts!I:J,2,FALSE)) -> LA VETA RE-2 | D80: =SUMIFS(Data!$N:$N,Data!$B:$B,'Preliminary Report '!$A80,Data!$I:$I,"1170") -> 0 | E80: =SUMIFS(Data!$N:$N,Data!$B:$B,'Preliminary Report '!$A80,Data!$I:$I,"1171") -> 0 | F80: =SUMIFS(Data!$N:$N,Data!$B:$B,'Preliminary Report '!$A80,Data!$I:$I,"1172") -> 0 | G80: =SUMIFS(Data!$N:$N,Data!$B:$B,'Preliminary Report '!$A80,Data!$I:$I,"1173") -> 0 | H80: =SUMIFS(Data!$N:$N,Data!$B:$B,'Preliminary Report '!$A80,Data!$I:$I,"1174") -> 0 | J80: 0 | K80: =+D80-J80 -> 0 | L80: =IFERROR(+K80/J80,0) -> 0
A81: 1410 | B81: JACKSON | C81: =UPPER(VLOOKUP(A81,Contacts!I:J,2,FALSE)) -> NORTH PARK R-1 | D81: =SUMIFS(Data!$N:$N,Data!$B:$B,'Preliminary Report '!$A81,Data!$I:$I,"1170") -> 0 | E81: =SUMIFS(Data!$N:$N,Data!$B:$B,'Preliminary Report '!$A81,Data!$I:$I,"1171") -> 0 | F81: =SUMIFS(Data!$N:$N,Data!$B:$B,'Preliminary Report '!$A81,Data!$I:$I,"1172") -> 0 | G81: =SUMIFS(Data!$N:$N,Data!$B:$B,'Preliminary Report '!$A81,Data!$I:$I,"1173") -> 0 | H81: =SUMIFS(Data!$N:$N,Data!$B:$B,'Preliminary Report '!$A81,Data!$I:$I,"1174") -> 0 | J81: 0 | K81: =+D81-J81 -> 0 | L81: =IFERROR(+K81/J81,0) -> 0
A82: 1420 | B82: JEFFERSON | C82: =UPPER(VLOOKUP(A82,Contacts!I:J,2,FALSE)) -> JEFFERSON COUNTY R-1 | D82: =SUMIFS(Data!$N:$N,Data!$B:$B,'Preliminary Report '!$A82,Data!$I:$I,"1170") -> 152310693 | E82: =SUMIFS(Data!$N:$N,Data!$B:$B,'Preliminary Report '!$A82,Data!$I:$I,"1171") -> 1.4880755e+08 | F82: =SUMIFS(Data!$N:$N,Data!$B:$B,'Preliminary Report '!$A82,Data!$I:$I,"1172") -> 16375279 | G82: =SUMIFS(Data!$N:$N,Data!$B:$B,'Preliminary Report '!$A82,Data!$I:$I,"1173") -> 1.3243227e+08 | H82: =SUMIFS(Data!$N:$N,Data!$B:$B,'Preliminary Report '!$A82,Data!$I:$I,"1174") -> 0 | J82: 150283644 | K82: =+D82-J82 -> 2027049 | L82: =IFERROR(+K82/J82,0) -> 0.013488154
A83: 1430 | B83: KIOWA | C83: =UPPER(VLOOKUP(A83,Contacts!I:J,2,FALSE)) -> EADS RE-1 | D83: =SUMIFS(Data!$N:$N,Data!$B:$B,'Preliminary Report '!$A83,Data!$I:$I,"1170") -> 0 | E83: =SUMIFS(Data!$N:$N,Data!$B:$B,'Preliminary Report '!$A83,Data!$I:$I,"1171") -> 0 | F83: =SUMIFS(Data!$N:$N,Data!$B:$B,'Preliminary Report '!$A83,Data!$I:$I,"1172") -> 0 | G83: =SUMIFS(Data!$N:$N,Data!$B:$B,'Preliminary Report '!$A83,Data!$I:$I,"1173") -> 0 | H83: =SUMIFS(Data!$N:$N,Data!$B:$B,'Preliminary Report '!$A83,Data!$I:$I,"1174") -> 0 | J83: 0 | K83: =+D83-J83 -> 0 | L83: =IFERROR(+K83/J83,0) -> 0
A84: 1440 | B84: KIOWA | C84: =UPPER(VLOOKUP(A84,Contacts!I:J,2,FALSE)) -> PLAINVIEW RE-2 | D84: =SUMIFS(Data!$N:$N,Data!$B:$B,'Preliminary Report '!$A84,Data!$I:$I,"1170") -> 0 | E84: =SUMIFS(Data!$N:$N,Data!$B:$B,'Preliminary Report '!$A84,Data!$I:$I,"1171") -> 0 | F84: =SUMIFS(Data!$N:$N,Data!$B:$B,'Preliminary Report '!$A84,Data!$I:$I,"1172") -> 0 | G84: =SUMIFS(Data!$N:$N,Data!$B:$B,'Preliminary Report '!$A84,Data!$I:$I,"1173") -> 0 | H84: =SUMIFS(Data!$N:$N,Data!$B:$B,'Preliminary Report '!$A84,Data!$I:$I,"1174") -> 0 | J84: 0 | K84: =+D84-J84 -> 0 | L84: =IFERROR(+K84/J84,0) -> 0
A85: 1450 | B85: KIT CARSON | C85: =UPPER(VLOOKUP(A85,Contacts!I:J,2,FALSE)) -> ARRIBA-FLAGLER C-20 | D85: =SUMIFS(Data!$N:$N,Data!$B:$B,'Preliminary Report '!$A85,Data!$I:$I,"1170") -> 0 | E85: =SUMIFS(Data!$N:$N,Data!$B:$B,'Preliminary Report '!$A85,Data!$I:$I,"1171") -> 0 | F85: =SUMIFS(Data!$N:$N,Data!$B:$B,'Preliminary Report '!$A85,Data!$I:$I,"1172") -> 0 | G85: =SUMIFS(Data!$N:$N,Data!$B:$B,'Preliminary Report '!$A85,Data!$I:$I,"1173") -> 0 | H85: =SUMIFS(Data!$N:$N,Data!$B:$B,'Preliminary Report '!$A85,Data!$I:$I,"1174") -> 0 | J85: 0 | K85: =+D85-J85 -> 0 | L85: =IFERROR(+K85/J85,0) -> 0
A86: 1460 | B86: KIT CARSON | C86: =UPPER(VLOOKUP(A86,Contacts!I:J,2,FALSE)) -> HI-PLAINS R-23 | D86: =SUMIFS(Data!$N:$N,Data!$B:$B,'Preliminary Report '!$A86,Data!$I:$I,"1170") -> 0 | E86: =SUMIFS(Data!$N:$N,Data!$B:$B,'Preliminary Report '!$A86,Data!$I:$I,"1171") -> 0 | F86: =SUMIFS(Data!$N:$N,Data!$B:$B,'Preliminary Report '!$A86,Data!$I:$I,"1172") -> 0 | G86: =SUMIFS(Data!$N:$N,Data!$B:$B,'Preliminary Report '!$A86,Data!$I:$I,"1173") -> 0 | H86: =SUMIFS(Data!$N:$N,Data!$B:$B,'Preliminary Report '!$A86,Data!$I:$I,"1174") -> 0 | J86: 0 | K86: =+D86-J86 -> 0 | L86: =IFERROR(+K86/J86,0) -> 0
A87: 1480 | B87: KIT CARSON | C87: =UPPER(VLOOKUP(A87,Contacts!I:J,2,FALSE)) -> STRATTON R-4 | D87: =SUMIFS(Data!$N:$N,Data!$B:$B,'Preliminary Report '!$A87,Data!$I:$I,"1170") -> 0 | E87: =SUMIFS(Data!$N:$N,Data!$B:$B,'Preliminary Report '!$A87,Data!$I:$I,"1171") -> 0 | F87: =SUMIFS(Data!$N:$N,Data!$B:$B,'Preliminary Report '!$A87,Data!$I:$I,"1172") -> 0 | G87: =SUMIFS(Data!$N:$N,Data!$B:$B,'Preliminary Report '!$A87,Data!$I:$I,"1173") -> 0 | H87: =SUMIFS(Data!$N:$N,Data!$B:$B,'Preliminary Report '!$A87,Data!$I:$I,"1174") -> 0 | J87: 0 | K87: =+D87-J87 -> 0 | L87: =IFERROR(+K87/J87,0) -> 0
A88: 1490 | B88: KIT CARSON | C88: =UPPER(VLOOKUP(A88,Contacts!I:J,2,FALSE)) -> BETHUNE R-5 | D88: =SUMIFS(Data!$N:$N,Data!$B:$B,'Preliminary Report '!$A88,Data!$I:$I,"1170") -> 0 | E88: =SUMIFS(Data!$N:$N,Data!$B:$B,'Preliminary Report '!$A88,Data!$I:$I,"1171") -> 0 | F88: =SUMIFS(Data!$N:$N,Data!$B:$B,'Preliminary Report '!$A88,Data!$I:$I,"1172") -> 0 | G88: =SUMIFS(Data!$N:$N,Data!$B:$B,'Preliminary Report '!$A88,Data!$I:$I,"1173") -> 0 | H88: =SUMIFS(Data!$N:$N,Data!$B:$B,'Preliminary Report '!$A88,Data!$I:$I,"1174") -> 0 | J88: 0 | K88: =+D88-J88 -> 0 | L88: =IFERROR(+K88/J88,0) -> 0
A89: 1500 | B89: KIT CARSON | C89: =UPPER(VLOOKUP(A89,Contacts!I:J,2,FALSE)) -> BURLINGTON RE-6J | D89: =SUMIFS(Data!$N:$N,Data!$B:$B,'Preliminary Report '!$A89,Data!$I:$I,"1170") -> 366113 | E89: =SUMIFS(Data!$N:$N,Data!$B:$B,'Preliminary Report '!$A89,Data!$I:$I,"1171") -> 348137 | F89: =SUMIFS(Data!$N:$N,Data!$B:$B,'Preliminary Report '!$A89,Data!$I:$I,"1172") -> 0 | G89: =SUMIFS(Data!$N:$N,Data!$B:$B,'Preliminary Report '!$A89,Data!$I:$I,"1173") -> 0 | H89: =SUMIFS(Data!$N:$N,Data!$B:$B,'Preliminary Report '!$A89,Data!$I:$I,"1174") -> 348137 | J89: 366113 | K89: =+D89-J89 -> 0 | L89: =IFERROR(+K89/J89,0) -> 0
A90: 1510 | B90: LAKE | C90: =UPPER(VLOOKUP(A90,Contacts!I:J,2,FALSE)) -> LAKE COUNTY R-1 | D90: =SUMIFS(Data!$N:$N,Data!$B:$B,'Preliminary Report '!$A90,Data!$I:$I,"1170") -> 1867694 | E90: =SUMIFS(Data!$N:$N,Data!$B:$B,'Preliminary Report '!$A90,Data!$I:$I,"1171") -> 1839945.6 | F90: =SUMIFS(Data!$N:$N,Data!$B:$B,'Preliminary Report '!$A90,Data!$I:$I,"1172") -> 0 | G90: =SUMIFS(Data!$N:$N,Data!$B:$B,'Preliminary Report '!$A90,Data!$I:$I,"1173") -> 0 | H90: =SUMIFS(Data!$N:$N,Data!$B:$B,'Preliminary Report '!$A90,Data!$I:$I,"1174") -> 1839945.6 | J90: 667904 | K90: =+D90-J90 -> 1199790 | L90: =IFERROR(+K90/J90,0) -> 1.796351 | M90: =VLOOKUP(A90,Contacts!A:B,2,FALSE) -> jmulcey@lakecountyschools.net | N90: =VLOOKUP(A90,Contacts!D:F,3,FALSE) -> jmulcey@lakecountyschools.net
A91: 1520 | B91: LA PLATA | C91: =UPPER(VLOOKUP(A91,Contacts!I:J,2,FALSE)) -> DURANGO 9-R | D91: =SUMIFS(Data!$N:$N,Data!$B:$B,'Preliminary Report '!$A91,Data!$I:$I,"1170") -> 12098707 | E91: =SUMIFS(Data!$N:$N,Data!$B:$B,'Preliminary Report '!$A91,Data!$I:$I,"1171") -> 8791015.5 | F91: =SUMIFS(Data!$N:$N,Data!$B:$B,'Preliminary Report '!$A91,Data!$I:$I,"1172") -> 637989.65 | G91: =SUMIFS(Data!$N:$N,Data!$B:$B,'Preliminary Report '!$A91,Data!$I:$I,"1173") -> 0 | H91: =SUMIFS(Data!$N:$N,Data!$B:$B,'Preliminary Report '!$A91,Data!$I:$I,"1174") -> 8153025.9 | J91: 12098707 | K91: =+D91-J91 -> 0 | L91: =IFERROR(+K91/J91,0) -> 0
A92: 1530 | B92: LA PLATA | C92: =UPPER(VLOOKUP(A92,Contacts!I:J,2,FALSE)) -> BAYFIELD 10 JT-R | D92: =SUMIFS(Data!$N:$N,Data!$B:$B,'Preliminary Report '!$A92,Data!$I:$I,"1170") -> 1967058 | E92: =SUMIFS(Data!$N:$N,Data!$B:$B,'Preliminary Report '!$A92,Data!$I:$I,"1171") -> 2318120 | F92: =SUMIFS(Data!$N:$N,Data!$B:$B,'Preliminary Report '!$A92,Data!$I:$I,"1172") -> 0 | G92: =SUMIFS(Data!$N:$N,Data!$B:$B,'Preliminary Report '!$A92,Data!$I:$I,"1173") -> 0 | H92: =SUMIFS(Data!$N:$N,Data!$B:$B,'Preliminary Report '!$A92,Data!$I:$I,"1174") -> 2318120 | J92: 2103151.8 | K92: =+D92-J92 -> -136093.78 | L92: =IFERROR(+K92/J92,0) -> -0.064709443
A93: 1540 | B93: LA PLATA | C93: =UPPER(VLOOKUP(A93,Contacts!I:J,2,FALSE)) -> IGNACIO 11 JT | D93: =SUMIFS(Data!$N:$N,Data!$B:$B,'Preliminary Report '!$A93,Data!$I:$I,"1170") -> 1099925.4 | E93: =SUMIFS(Data!$N:$N,Data!$B:$B,'Preliminary Report '!$A93,Data!$I:$I,"1171") -> 783108.94 | F93: =SUMIFS(Data!$N:$N,Data!$B:$B,'Preliminary Report '!$A93,Data!$I:$I,"1172") -> 0 | G93: =SUMIFS(Data!$N:$N,Data!$B:$B,'Preliminary Report '!$A93,Data!$I:$I,"1173") -> 0 | H93: =SUMIFS(Data!$N:$N,Data!$B:$B,'Preliminary Report '!$A93,Data!$I:$I,"1174") -> 783108.94 | J93: 1099925.4 | K93: =+D93-J93 -> 0 | L93: =IFERROR(+K93/J93,0) -> 0
A94: 1550 | B94: LARIMER | C94: =UPPER(VLOOKUP(A94,Contacts!I:J,2,FALSE)) -> POUDRE R-1 | D94: =SUMIFS(Data!$N:$N,Data!$B:$B,'Preliminary Report '!$A94,Data!$I:$I,"1170") -> 65008379 | E94: =SUMIFS(Data!$N:$N,Data!$B:$B,'Preliminary Report '!$A94,Data!$I:$I,"1171") -> 65008379 | F94: =SUMIFS(Data!$N:$N,Data!$B:$B,'Preliminary Report '!$A94,Data!$I:$I,"1172") -> 6105075 | G94: =SUMIFS(Data!$N:$N,Data!$B:$B,'Preliminary Report '!$A94,Data!$I:$I,"1173") -> 0 | H94: =SUMIFS(Data!$N:$N,Data!$B:$B,'Preliminary Report '!$A94,Data!$I:$I,"1174") -> 58903304 | J94: 63920930 | K94: =+D94-J94 -> 1087449 | L94: =IFERROR(+K94/J94,0) -> 0.017012409
A95: 1560 | B95: LARIMER | C95: =UPPER(VLOOKUP(A95,Contacts!I:J,2,FALSE)) -> THOMPSON R2-J | D95: =SUMIFS(Data!$N:$N,Data!$B:$B,'Preliminary Report '!$A95,Data!$I:$I,"1170") -> 38152123 | E95: =SUMIFS(Data!$N:$N,Data!$B:$B,'Preliminary Report '!$A95,Data!$I:$I,"1171") -> 38234174 | F95: =SUMIFS(Data!$N:$N,Data!$B:$B,'Preliminary Report '!$A95,Data!$I:$I,"1172") -> 3900959.8 | G95: =SUMIFS(Data!$N:$N,Data!$B:$B,'Preliminary Report '!$A95,Data!$I:$I,"1173") -> 0 | H95: =SUMIFS(Data!$N:$N,Data!$B:$B,'Preliminary Report '!$A95,Data!$I:$I,"1174") -> 34333214 | J95: 37731553 | K95: =+D95-J95 -> 420569.93 | L95: =IFERROR(+K95/J95,0) -> 0.011146372
A96: 1570 | B96: LARIMER | C96: =UPPER(VLOOKUP(A96,Contacts!I:J,2,FALSE)) -> ESTES PARK R-3 | D96: =SUMIFS(Data!$N:$N,Data!$B:$B,'Preliminary Report '!$A96,Data!$I:$I,"1170") -> 3537756 | E96: =SUMIFS(Data!$N:$N,Data!$B:$B,'Preliminary Report '!$A96,Data!$I:$I,"1171") -> 3500442 | F96: =SUMIFS(Data!$N:$N,Data!$B:$B,'Preliminary Report '!$A96,Data!$I:$I,"1172") -> 0 | G96: =SUMIFS(Data!$N:$N,Data!$B:$B,'Preliminary Report '!$A96,Data!$I:$I,"1173") -> 0 | H96: =SUMIFS(Data!$N:$N,Data!$B:$B,'Preliminary Report '!$A96,Data!$I:$I,"1174") -> 3500442 | J96: 3390177 | K96: =+D96-J96 -> 147579 | L96: =IFERROR(+K96/J96,0) -> 0.043531355
A97: 1580 | B97: LAS ANIMAS | C97: =UPPER(VLOOKUP(A97,Contacts!I:J,2,FALSE)) -> TRINIDAD 1 | D97: =SUMIFS(Data!$N:$N,Data!$B:$B,'Preliminary Report '!$A97,Data!$I:$I,"1170") -> 0 | E97: =SUMIFS(Data!$N:$N,Data!$B:$B,'Preliminary Report '!$A97,Data!$I:$I,"1171") -> 0 | F97: =SUMIFS(Data!$N:$N,Data!$B:$B,'Preliminary Report '!$A97,Data!$I:$I,"1172") -> 0 | G97: =SUMIFS(Data!$N:$N,Data!$B:$B,'Preliminary Report '!$A97,Data!$I:$I,"1173") -> 0 | H97: =SUMIFS(Data!$N:$N,Data!$B:$B,'Preliminary Report '!$A97,Data!$I:$I,"1174") -> 0 | J97: 0 | K97: =+D97-J97 -> 0 | L97: =IFERROR(+K97/J97,0) -> 0
A98: 1590 | B98: LAS ANIMAS | C98: =UPPER(VLOOKUP(A98,Contacts!I:J,2,FALSE)) -> PRIMERO REORGANIZED 2 | D98: =SUMIFS(Data!$N:$N,Data!$B:$B,'Preliminary Report '!$A98,Data!$I:$I,"1170") -> 940000 | E98: =SUMIFS(Data!$N:$N,Data!$B:$B,'Preliminary Report '!$A98,Data!$I:$I,"1171") -> 136728.62 | F98: =SUMIFS(Data!$N:$N,Data!$B:$B,'Preliminary Report '!$A98,Data!$I:$I,"1172") -> 0 | G98: =SUMIFS(Data!$N:$N,Data!$B:$B,'Preliminary Report '!$A98,Data!$I:$I,"1173") -> 0 | H98: =SUMIFS(Data!$N:$N,Data!$B:$B,'Preliminary Report '!$A98,Data!$I:$I,"1174") -> 136728.62 | J98: 940000 | K98: =+D98-J98 -> 0 | L98: =IFERROR(+K98/J98,0) -> 0
A99: 1600 | B99: LAS ANIMAS | C99: =UPPER(VLOOKUP(A99,Contacts!I:J,2,FALSE)) -> HOEHNE REORGANIZED 3 | D99: =SUMIFS(Data!$N:$N,Data!$B:$B,'Preliminary Report '!$A99,Data!$I:$I,"1170") -> 0 | E99: =SUMIFS(Data!$N:$N,Data!$B:$B,'Preliminary Report '!$A99,Data!$I:$I,"1171") -> 0 | F99: =SUMIFS(Data!$N:$N,Data!$B:$B,'Preliminary Report '!$A99,Data!$I:$I,"1172") -> 0 | G99: =SUMIFS(Data!$N:$N,Data!$B:$B,'Preliminary Report '!$A99,Data!$I:$I,"1173") -> 0 | H99: =SUMIFS(Data!$N:$N,Data!$B:$B,'Preliminary Report '!$A99,Data!$I:$I,"1174") -> 0 | J99: 0 | K99: =+D99-J99 -> 0 | L99: =IFERROR(+K99/J99,0) -> 0
A100: 1620 | B100: LAS ANIMAS | C100: =UPPER(VLOOKUP(A100,Contacts!I:J,2,FALSE)) -> AGUILAR REORGANIZED 6 | D100: =SUMIFS(Data!$N:$N,Data!$B:$B,'Preliminary Report '!$A100,Data!$I:$I,"1170") -> 0 | E100: =SUMIFS(Data!$N:$N,Data!$B:$B,'Preliminary Report '!$A100,Data!$I:$I,"1171") -> 0 | F100: =SUMIFS(Data!$N:$N,Data!$B:$B,'Preliminary Report '!$A100,Data!$I:$I,"1172") -> 0 | G100: =SUMIFS(Data!$N:$N,Data!$B:$B,'Preliminary Report '!$A100,Data!$I:$I,"1173") -> 0 | H100: =SUMIFS(Data!$N:$N,Data!$B:$B,'Preliminary Report '!$A100,Data!$I:$I,"1174") -> 0 | J100: 0 | K100: =+D100-J100 -> 0 | L100: =IFERROR(+K100/J100,0) -> 0
A101: 1750 | B101: LAS ANIMAS | C101: =UPPER(VLOOKUP(A101,Contacts!I:J,2,FALSE)) -> BRANSON REORGANIZED 82 | D101: =SUMIFS(Data!$N:$N,Data!$B:$B,'Preliminary Report '!$A101,Data!$I:$I,"1170") -> 0 | E101: =SUMIFS(Data!$N:$N,Data!$B:$B,'Preliminary Report '!$A101,Data!$I:$I,"1171") -> 0 | F101: =SUMIFS(Data!$N:$N,Data!$B:$B,'Preliminary Report '!$A101,Data!$I:$I,"1172") -> 0 | G101: =SUMIFS(Data!$N:$N,Data!$B:$B,'Preliminary Report '!$A101,Data!$I:$I,"1173") -> 0 | H101: =SUMIFS(Data!$N:$N,Data!$B:$B,'Preliminary Report '!$A101,Data!$I:$I,"1174") -> 0 | J101: 0 | K101: =+D101-J101 -> 0 | L101: =IFERROR(+K101/J101,0) -> 0
...

Sheet Contacts
A1: District Code | B1: Email | D1: CODE | E1: LEA | F1: Data Pipeline Submitted User | G1: Submitted Date | I1: Organization Code | J1: Organization Name
A2: 0010 | B2: Storze@mapleton.us | D2: 0010 | E2: 0010-Mapleton 1 | F2: meynj@mapleton.us | G2: 01/16/2026 01:17 PM | I2: 0010 | J2: Mapleton 1
A3: 0020 | B3: lan017148@adams12.org | D3: 0020 | E3: 0020-Adams 12 Five Star Schools | F3: obe019581@adams12.org | G3: 12/10/2025 06:41 PM | I3: 0020 | J3: Adams 12 Five Star Schools
A4: 0030 | B4: dmoss@adams14.org | D4: 0030 | E4: 0030-Adams County 14 | F4: dlsmart@adams14.org | G4: 12/09/2025 09:40 AM | I4: 0030 | J4: Adams County 14
A5: 0040 | B5: syoshimoto@sd27j.net | D5: 0040 | E5: 0040-School District 27J | F5: chorner@sd27j.net | G5: 03/06/2026 03:38 PM | I5: 0040 | J5: School District 27J
A6: 0050 | B6: kstratton@bsd29j.com | D6: 0050 | E6: 0050-Bennett 29J | F6: kstratton@bsd29j.com | G6: 12/23/2025 04:02 PM | I6: 0050 | J6: Bennett 29J
A7: 0060 | B7: arosier@strasburg31j.com | D7: 0060 | E7: 0060-Strasburg 31J | F7: ntaylor@strasburg31j.com | G7: 12/18/2025 07:37 AM | I7: 0060 | J7: Strasburg 31J
A8: 0070 | B8: snees@adams50.org | D8: 0070 | E8: 0070-Westminster Public Schools | F8: chdominguez@wps.org | G8: 10/30/2025 10:18 AM | I8: 0070 | J8: Westminster Public Schools
A9: 0100 | B9: ahensley@alamosaschools.org;ccordero@alamosaschools.org | D9: 0100 | E9: 0100-Alamosa RE-11J | F9: ahensley@alamosaschools.org | G9: 01/28/2026 11:18 AM | I9: 0100 | J9: Alamosa RE-11J
A10: 0110 | B10: pfritz@sangreschools.org | D10: 0110 | E10: 0110-Sangre De Cristo Re-22J | F10: pfritz@sangreschools.org | G10: 02/27/2026 03:06 PM | I10: 0110 | J10: Sangre De Cristo Re-22J
A11: 0120 | B11: hyesun_son@engschools.net | D11: 0120 | E11: 0120-Englewood 1 | F11: hyesun_son@engschools.net | G11: 11/12/2025 04:43 PM | I11: 0120 | J11: Englewood 1
A12: 0123 | B12: pfeese@ssd2.org | D12: 0123 | E12: 0123-Sheridan 2 | F12: trizuto@ssd2.org | G12: 12/16/2025 11:17 AM | I12: 0123 | J12: Sheridan 2
... A45: 0920 | B45: abarnette@esdk12.org | D45: 0900 | E45: 0900-Douglas County Re 1 | F45: mvarsos@dcsdk12.org | G45: 02/02/2026 12:56 PM | I45: 0920 | J45: Elizabeth School District
A46: 0930 | B46: 0 | D46: 0910 | E46: 0910-Eagle County RE 50 | F46: bryson.beaver@eagleschools.net | G46: 12/22/2025 10:18 AM | I46: 0930 | J46: Kiowa C-2
A47: 0940 | B47: cjohnson@bigsandy100j.org | D47: 0920 | E47: 0920-Elizabeth School District | F47: tmcvicker@esdk12.org | G47: 02/17/2026 09:39 AM | I47: 0940 | J47: Big Sandy 100J
A48: 0950 | B48: ecornell@elbertschool.org | D48: 0930 | E48: 0930-Kiowa C-2 | F48: susan@boosfs.com | G48: 12/12/2025 09:21 AM | I48: 0950 | J48: Elbert 200
A49: 0960 | B49: keithy@agateschools.net | D49: 0940 | E49: 0940-Big Sandy 100J | F49: cjohnson@bigsandy100j.org | G49: 11/04/2025 09:59 AM | I49: 0960 | J49: Agate 300
A50: 0970 | B50: bharvey@calhanschool.org | D50: 0950 | E50: 0950-Elbert 200 | F50: ecornell@elbertschool.org | G50: 09/26/2025 09:44 AM | I50: 0970 | J50: Calhan RJ-1
A51: 0980 | B51: carcarese@hsd2.org; jmaksimowiz@hsd2.org | D51: 0960 | E51: 0960-Agate 300 | F51: keithy@agateschools.net | G51: 11/12/2025 08:40 AM | I51: 0980 | J51: Harrison 2
A52: 0990 | B52: kimbert@wsd3.org | D52: 0970 | E52: 0970-Calhan RJ-1 | F52: bclark@calhanschool.org | G52: 11/25/2025 02:56 PM | I52: 0990 | J52: Widefield 3
A53: 1000 | B53: svela@ffc8.org | D53: 0980 | E53: 0980-Harrison 2 | F53: svela@hsd2.org | G53: 11/03/2025 01:12 PM | I53: 1000 | J53: Fountain 8
A54: 1010 | B54: christopher.baker@d11.org | D54: 0990 | E54: 0990-Widefield 3 | F54: kimbert@wsd3.org | G54: 10/28/2025 09:50 AM | I54: 1010 | J54: Colorado Springs 11
A55: 1020 | B55: morin@cmsd12.org | D55: 1000 | E55: 1000-Fountain 8 | F55: askalla@ffc8.org | G55: 10/17/2025 02:50 PM | I55: 1020 | J55: Cheyenne Mountain 12
A56: 1030 | B56: sthompson@mssd14.org | D56: 1010 | E56: 1010-Colorado Springs 11 | F56: jarred.hoogsteen@d11.org | G56: 12/22/2025 03:42 PM | I56: 1030 | J56: Manitou Springs 14
A57: 1040 | B57: becky.allan@asd20.org | D57: 1020 | E57: 1020-Cheyenne Mountain 12 | F57: morin@cmsd12.org | G57: 12/04/2025 03:58 PM | I57: 1040 | J57: Academy 20
A58: 1050 | B58: brittanyclark@esd22.org | D58: 1030 | E58: 1030-Manitou Springs 14 | F58: sthompson@mssd14.org | G58: 12/29/2025 07:45 PM | I58: 1050 | J58: Ellicott 22
... A99: 1760 | B99: VACANT | D99: 1750 | E99: 1750-Branson Reorganized 82 | F99: marlene@bransonschoolonline.com | G99: 10/13/2025 03:58 PM | I99: 1760 | J99: Kim Reorganized 88
A100: 1780 | B100: mvaughn@genoahugo.org | D100: 1760 | E100: 1760-Kim Reorganized 88 | F100: kacie.leary@kimk12.org | G100: 12/18/2025 10:48 AM | I100: 1780 | J100: Genoa-Hugo C113
A101: 1790 | B101: steinhartk@limonbadgers.com | D101: 1780 | E101: 1780-Genoa-Hugo C113 | F101: mvaughn@genoahugo.org | G101: 01/02/2026 01:49 PM | I101: 1790 | J101: Limon RE-4J
A102: 1810 | B102: business.manager@ksdre23.org | D102: 1790 | E102: 1790-Limon RE-4J | F102: trujillok@limonbadgers.com | G102: 12/18/2025 10:22 AM | I102: 1810 | J102: Karval RE-23
A103: 1828 | B103: janesl@re1valleyschools.org | D103: 1810 | E103: 1810-Karval RE-23 | F103: business.manager@ksdre23.org | G103: 02/25/2026 01:24 PM | I103: 1828 | J103: Valley RE-1
A104: 1850 | B104: schliessera@flemingschools.org | D104: 1828 | E104: 1828-Valley RE-1 | F104: janesl@re1valleyschools.org | G104: 11/21/2025 02:08 PM | I104: 1850 | J104: Frenchman RE-3
A105: 1860 | B105: trampj@merinok12.com | D105: 1850 | E105: 1850-Frenchman RE-3 | F105: schliessera@flemingschools.org | G105: 12/02/2025 02:40 PM | I105: 1860 | J105: Buffalo RE-4J
A106: 1870 | B106: segelkeb@peetzschool.org | D106: 1860 | E106: 1860-Buffalo RE-4J | F106: trampj@merinok12.com | G106: 08/29/2025 03:29 PM | I106: 1870 | J106: Plateau RE-5
A107: 1980 | B107: mramthun@debeque.k12.co.us | D107: 1870 | E107: 1870-Plateau RE-5 | F107: segelkeb@peetzschool.org | G107: 11/25/2025 04:47 PM | I107: 1980 | J107: De Beque 49JT
A108: 1990 | B108: karen@k12accounting.com | D108: 1980 | E108: 1980-De Beque 49JT | F108: mramthun@debeque.k12.co.us | G108: 02/19/2026 09:54 AM | I108: 1990 | J108: Plateau Valley 50
A109: 2000 | B109: melanie.trujillo@d51schools.org | D109: 1990 | E109: 1990-Plateau Valley 50 | F109: karengrover@pvsd50.org | G109: 03/02/2026 08:24 AM | I109: 2000 | J109: Mesa County Valley 51
A110: 2010 | B110: lucinda.carpenter@creedek12.net | D110: 2000 | E110: 2000-Mesa County Valley 51 | F110: jennelle.ochoa@d51schools.org | G110: 12/18/2025 08:47 AM | I110: 2010 | J110: Creede School District
A111: 2020 | B111: kathryn.sampson@moffatsd.org | D111: 2010 | E111: 2010-Creede School District | F111: lucinda.carpenter@creedek12.net | G111: 02/19/2026 10:17 AM | I111: 2020 | J111: Moffat County RE: No 1
A112: 2035 | B112: dbrafford@cortez.k12.co.us | D112: 2020 | E112: 2020-Moffat County RE: No 1 | F112: kristi.ross@moffatsd.org | G112: 02/06/2026 11:44 AM | I112: 2035 | J112: Montezuma-Cortez RE-1
... A140: 2700 | B140: jwagner@district70.org | D140: 2700 | E140: 2700-Pueblo County 70 | F140: jwagner@district70.org | G140: 12/17/2025 02:15 PM | I140: 2710 | J140: Meeker RE-1
A141: 2710 | B141: meredith.deming@meeker.k12.co.us | D141: 2710 | E141: 2710-Meeker RE-1 | F141: meredith.deming@meeker.k12.co.us | G141: 12/08/2025 11:42 AM | I141: 2720 | J141: Rangely RE-4
A142: 2720 | B142: colleen.kenney@rangelyk12.org | D142: 2720 | E142: 2720-Rangely RE-4 | F142: colleen.kenney@rangelyk12.org | G142: 01/15/2026 12:34 PM | I142: 2730 | J142: Upper Rio Grande School District C-7
A143: 2730 | B143: 0 | D143: 2730 | E143: 2730-Upper Rio Grande School District C-7 | F143: avelasquez@urtigers.co | G143: 11/18/2025 02:22 PM | I143: 2740 | J143: Monte Vista C-8
A144: 2740 | B144: leona@monte.k12.co.us | D144: 2730 | E144: 2730-Upper Rio Grande School District C-7 | F144: avelasquez@urtigers.co | G144: 11/18/2025 02:22 PM | I144: 2750 | J144: Sargent RE-33J
A145: 2750 | B145: rquintana@sargent.k12.co.us | D145: 2740 | E145: 2740-Monte Vista C-8 | F145: leona@monte.k12.co.us | G145: 12/02/2025 10:17 AM | I145: 2760 | J145: Hayden RE-1
A146: 2760 | B146: eanderson@haydenschools.org | D146: 2750 | E146: 2750-Sargent RE-33J | F146: rquintana@sargent.k12.co.us | G146: 02/20/2026 09:50 AM | I146: 2770 | J146: Steamboat Springs RE-2
A147: 2770 | B147: sjuneau@ssk12.org | D147: 2760 | E147: 2760-Hayden RE-1 | F147: eanderson@haydenschools.org | G147: 02/05/2026 09:25 AM | I147: 2780 | J147: South Routt RE 3
A148: 2780 | B148: svanderwerf@southrouttk12.org | D148: 2770 | E148: 2770-Steamboat Springs RE-2 | F148: sjuneau@ssk12.org | G148: 11/24/2025 11:18 AM | I148: 2790 | J148: Mountain Valley RE 1
A149: 2790 | B149: dupontl@valley.k12.co.us | D149: 2780 | E149: 2780-South Routt RE 3 | F149: svanderwerf@southrouttk12.org | G149: 07/07/2026 11:36 AM | I149: 2800 | J149: Moffat 2
A150: 2790 | B150: quintanar@valley.k12.co.us | D150: 2790 | E150: 2790-Mountain Valley RE 1 | F150: dupontl@valley.k12.co.us | G150: 06/02/2026 06:04 PM | I150: 2810 | J150: Center 26 JT
A151: 2800 | B151: rquintana@moffatschools.org | D151: 2800 | E151: 2800-Moffat 2 | F151: rquintana@moffatschools.org | G151: 03/26/2026 11:37 AM | I151: 2820 | J151: Silverton 1
A152: 2810 | B152: bsalazar@center.k12.co.us | D152: 2810 | E152: 2810-Center 26 JT | F152: bsalazar@center.k12.co.us | G152: 01/14/2026 05:43 PM | I152: 2830 | J152: Telluride R-1
A153: 2820 | B153: finance@silvertonschool.org | D153: 2820 | E153: 2820-Silverton 1 | F153: kimg.abacus@gmail.com | G153: 12/05/2025 10:02 AM | I153: 2840 | J153: Norwood R-2J
A154: 2830 | B154: creich@telluride.k12.co.us | D154: 2830 | E154: 2830-Telluride R-1 | F154: creich@telluride.k12.co.us | G154: 12/15/2025 05:56 PM | I154: 2862 | J154: Julesburg Re-1
A155: 2840 | B155: elisha.morris@norwoodk12.org | D155: 2840 | E155: 2840-Norwood R-2J | F155: elisha.morris@norwoodk12.org | G155: 02/02/2026 10:07 AM | I155: 2865 | J155: Revere School District
... A181: 3220 | B181: hellinga@idaliaco.us | D181: 3230 | E181: 3230-Liberty J-4 | F181: millerd@libertyschoolj4.com | G181: 11/18/2025 05:02 PM | I181: 9030 | J181: Mountain BOCES
A182: 3230 | B182: millerd@libertyschoolj4.com | I182: 9035 | J182: Centennial BOCES
A183: 8001 | B183: davidsever@csi.state.co.us | I183: 9040 | J183: Northeast BOCES
A184: 8041 | B184: pcrabtree@gvaschools.org | I184: 9045 | J184: Pikes Peak BOCES
A185: 8042 | B185: brad@multiplyllc.net | I185: 9050 | J185: San Juan BOCES
A186: 9025 | B186: craigb@ecboces.org | I186: 9055 | J186: San Luis Valley BOCES
A187: 9030 | B187: mwilliams@mtnboces.org | I187: 9060 | J187: South Central BOCES
A188: 9035 | B188: edorn@cboces.org | I188: 9075 | J188: Southeastern BOCES
A189: 9040 | B189: lthompson@neboces.org | I189: 9095 | J189: Northwest Colo BOCES
A190: 9045 | B190: bwilliamson@ppboces.org | I190: 9120 | J190: Adams County BOCES
A191: 9050 | B191: sbrandstetter@sjboces.org | I191: 9125 | J191: Rio Blanco BOCES
A192: 9055 | B192: jmorgan@slvboces.org | I192: 9130 | J192: Expeditionary BOCES
A193: 9060 | B193: eastin-n@sc-boces.org | I193: 9135 | J193: Grand Valley BOCES
... A206: 9175 | B206: jdavidson@crboces.org | I206: 9999 | J206: For District Wide School (9980)

Sheet Data
A1: YEAR | B1: DIST | C1: ADMIN | D1: SCHOOL | E1: FUND | F1: LOC | G1: SRE | H1: PROG | I1: OBJ | J1: JOB | K1: GRANT | L1: FILE_TYPE_CODE | M1: AMOUNT | N1: FORMATTED
A2: 2025 | B2: 1030 | C2: 38060 | D2: 0000 | E2: 90 | F2: 000 | G2: 00 | H2: 0000 | I2: 1170 | J2: 000 | K2: 0000 | L2: RUP | M2: 435465889 | N2: 4354658.9
A3: 2025 | B3: 1010 | C3: 21050 | D3: 0000 | E3: 90 | F3: 000 | G3: 00 | H3: 0000 | I3: 1170 | J3: 000 | K3: 0000 | L3: RUP | M3: 8111234803 | N3: 81112348
A4: 2025 | B4: 1000 | C4: 21040 | D4: 0000 | E4: 90 | F4: 000 | G4: 00 | H4: 0000 | I4: 1170 | J4: 000 | K4: 0000 | L4: RUP | M4: 124243185 | N4: 1242431.9
A5: 2025 | B5: 0990 | C5: 21030 | D5: 0000 | E5: 90 | F5: 000 | G5: 00 | H5: 0000 | I5: 1170 | J5: 000 | K5: 0000 | L5: RUP | M5: 986585500 | N5: 9865855
A6: 2025 | B6: 0980 | C6: 21020 | D6: 0000 | E6: 90 | F6: 800 | G6: 00 | H6: 0000 | I6: 1170 | J6: 000 | K6: 0000 | L6: RUP | M6: 1474935844 | N6: 14749358
A7: 2025 | B7: 1120 | C7: 64133 | D7: 0000 | E7: 90 | F7: 000 | G7: 00 | H7: 0000 | I7: 1170 | J7: 000 | K7: 0000 | L7: RUP | M7: 0 | N7: 0
A8: 2025 | B8: 1110 | C8: 21090 | D8: 0000 | E8: 90 | F8: 000 | G8: 00 | H8: 0000 | I8: 1170 | J8: 000 | K8: 0000 | L8: RUP | M8: 3166810600 | N8: 31668106
A9: 2025 | B9: 1080 | C9: 21085 | D9: 0000 | E9: 90 | F9: 000 | G9: 00 | H9: 0000 | I9: 1170 | J9: 000 | K9: 0000 | L9: RUP | M9: 400000000 | N9: 4000000
A10: 2025 | B10: 1070 | C10: 64133 | D10: 0000 | E10: 90 | F10: 000 | G10: 00 | H10: 0000 | I10: 1170 | J10: 000 | K10: 0000 | L10: RUP | M10: 0 | N10: 0
A11: 2025 | B11: 1050 | C11: 64133 | D11: 0000 | E11: 90 | F11: 000 | G11: 00 | H11: 0000 | I11: 1170 | J11: 000 | K11: 0000 | L11: RUP | M11: 0 | N11: 0
A12: 2025 | B12: 1060 | C12: 64133 | D12: 0000 | E12: 90 | F12: 000 | G12: 00 | H12: 0000 | I12: 1170 | J12: 000 | K12: 0000 | L12: RUP | M12: 0 | N12: 0
A13: 2025 | B13: 1040 | C13: 21080 | D13: 0000 | E13: 90 | F13: 000 | G13: 00 | H13: 0000 | I13: 1170 | J13: 000 | K13: 0000 | L13: RUP | M13: 2674664300 | N13: 26746643
... A881: 2025 | B881: 0770 | C881: 64163 | D881: 0000 | E881: 90 | F881: 000 | G881: 00 | H881: 0000 | I881: 1174 | J881: 000 | K881: 0000 | L881: RUP | M881: 34410722 | N881: 344107.22

Sheet Compare
C1: totals from "Data" tab | D1: Preliminary Report Total | F1: Differences
B3: 1170 | C3: =SUMIF(Data!I:I,B3,Data!N:N) -> 2.0809524e+09 | D3: ='Preliminary Report '!D184 -> 2.1127596e+09 | F3: =C3-D3 -> -31807151
B4: 1171 | C4: =SUMIF(Data!I:I,B4,Data!N:N) -> 1.7127456e+09 | D4: ='Preliminary Report '!E184 -> 1.7396626e+09 | F4: =C4-D4 -> -26917071 | G4: 1140 - Canyon City
B5: 1172 | C5: =SUMIF(Data!I:I,B5,Data!N:N) -> 2.2152342e+08 | D5: ='Preliminary Report '!F184 -> 2.2259476e+08 | F5: =C5-D5 -> -1071338
B6: 1173 | C6: =SUMIF(Data!I:I,B6,Data!N:N) -> 2.6880757e+08 | D6: ='Preliminary Report '!G184 -> 2.6880757e+08 | F6: =C6-D6 -> 0
B7: 1174 | C7: =SUMIF(Data!I:I,B7,Data!N:N) -> 1.2224146e+09 | D7: ='Preliminary Report '!H184 -> 1.2482603e+09 | F7: =C7-D7 -> -25845734
C8: =SUM(C3:C7) -> 5.5064436e+09 | D8: =SUM(D3:D7) -> 5.5920849e+09
